 Dungeon Crawl Stone Soup version 0.30-a0-223-gcb0039aa0c (webtiles) character file.

Game seed: 16175348169321254555

271452 qw the Peltast (level 20, -15/133 HPs)
             Began as a Gargoyle Fighter on Oct 9, 2022.
             Was a High Priest of Okawaru.
             Demolished by a vault warden
             ... wielding a +0 great mace
              (31 damage)
             ... on level 4 of the Vaults.
             The game lasted 00:20:53 (35462 turns).

qw the Peltast (Gargoyle Fighter)                  Turns: 35462, Time: 00:20:54

Health: -15/133    AC: 70    Str: 31    XL:     20   Next: 64%
Magic:  26/27      EV: 10    Int: 13    God:    Okawaru [*****.]
Gold:   1750       SH: 24    Dex:  9    Spells: 19/19 levels left

rFire   + . .      SeeInvis .    B - +4 broad axe (protect)
rCold   + + +      Faith    .    y - +2 tower shield
rNeg    + . .      Spirit   .    t - +7 crystal plate armour
rPois   inf        Reflect  .    q - +2 helmet
rElec   +          Harm     .    l - scarf {rC+ rF+}
rCorr   .          Rampage  +    h - +0 pair of gloves of Idealism {Will+ Regen+ Str+2}
Will    +++..                    C - +0 pair of boots of the Flute {Rampage Drain +Inv Regen+}
Stlth   ..........               c - amulet of the acrobat
HPRegen 2.02/turn                r - +4 ring of protection
MPRegen 0.20/turn                w - ring "Kanumex" {Wiz Contam rC++ Will+ Int+4}

@: about to teleport, heroic, under a protective aura, flying
A: sickness immunity, AC +15, big wings, negative energy resistance 1,
electricity resistance, torment resistance 1, petrification resistance
}: 1/15 runes: gossamer
a: Renounce Religion, Evoke Invisibility, Heroism, Finesse, Duel


You were on level 4 of the Vaults.
You worshipped Okawaru.
Okawaru was extremely pleased with you.
You visited 7 branches of the dungeon, and saw 34 of its levels.

You collected 3656 gold pieces.
You spent 1906 gold pieces at shops.


Innate Abilities, Weirdness & Mutations

You are immune to sickness and miasma.
Your stone body is resilient. (AC +15)
You are immune to poison.
Your large and strong wings let you fly.
You resist negative energy. (rN+)
You are resistant to electric shocks. (rElec)
You are resistant to unholy torment.
You are immune to petrification.


   Skills:
 + Level 16.8(21.8) Fighting
 - Level 18.0(23.0) Axes
 - Level 9.0(14.0) Throwing
 - Level 19.0(24.0) Armour
 - Level 4.1(9.1) Dodging
 - Level 19.0(24.0) Shields
 - Level 10.0 Invocations


You had 19 spell levels left.
You didn't know any spells.
Your spell library was empty.

Inventory:

Hand Weapons
 B - a +4 broad axe of protection (weapon)
 D - the +1 war axe of the Leaping Gods {flame, rC++ rN+ Stlth-}
   (You bought it in a shop on level 2 of the Orcish Mines)

   It burns those it strikes, dealing additional fire damage.
   Big, fiery blades are also staple armaments of hydra-hunters.
   rC:        It greatly protects you from cold.
   rN:        It protects you from negative energy.
   Stlth:     It makes you less stealthy.
Missiles
 b - 2 silver boomerangs
 g - 16 boomerangs
 m - 4 silver javelins (quivered)
 A - 7 javelins
Armour
 h - the +0 pair of gloves of Idealism (worn) {Will+ Regen+ Str+2}
   (Okawaru gifted it to you on level 3 of the Lair of Beasts)

   Str:       It affects your strength (+2).
   Regen:     It increases your rate of health regeneration.
   Will:      It increases your willpower.
 i - a +0 cloak
 l - a scarf of resistance (worn)
 q - a +2 helmet (worn)
 t - a +7 crystal plate armour (worn)
 y - a +2 tower shield (worn)
 z - the +2 ring mail "Astristra" {Will++ Regen+ rCorr Int-2}
   (You found it on level 12 of the Dungeon)

   Int:       It affects your intelligence (-2).
   Regen:     It increases your rate of health regeneration.
   rCorr:     It protects you from acid and corrosion.
   Will:      It greatly increases your willpower.
 C - the +0 pair of boots of the Flute (worn) {Rampage Drain +Inv Regen+}
   (You bought it in a shop on level 2 of the Orcish Mines)

   +Inv:      It lets you turn invisible.
   Regen:     It increases your rate of health regeneration.
   Drain:     It drains your maximum health when unequipped.
   Rampage:   It bestows one free step when moving towards enemies.
Jewellery
 c - an amulet of the acrobat (around neck)
 r - a +4 ring of protection (left hand)
 w - the ring "Kanumex" (right hand) {Wiz Contam rC++ Will+ Int+4}
   (You acquired it on level 5 of the Dungeon)

   [ring of wizardry]

   It improves your spell success rate.
   Int:       It affects your intelligence (+4).
   rC:        It greatly protects you from cold.
   Contam:    It causes magical contamination when unequipped.
   Will:      It increases your willpower.
 x - a ring of fire
 F - a ring of protection from cold
 Y - the ring "Yssek" {Ice rN+ Int-4 Dex+2 SInv}
   (You acquired it on level 2 of the Dungeon)

   [ring of ice]

   It enhances your ice magic.
   Int:       It affects your intelligence (-4).
   Dex:       It affects your dexterity (+2).
   rF:        It makes you vulnerable to fire.
   rC:        It protects you from cold.
   rN:        It protects you from negative energy.
   SInv:      It lets you see invisible.
Scrolls
 a - 17 scrolls of identify
 e - 4 scrolls of teleportation
Potions
 d - 5 potions of might
 f - 8 potions of lignification
 j - 10 potions of curing
 k - 7 potions of heal wounds
 o - 8 potions of attraction
 p - 2 potions of haste
 s - 5 potions of cancellation
 u - 2 potions of magic
 v - 6 potions of mutation
 G - 2 potions of resistance

Dungeon Overview and Level Annotations

Branches:
Dungeon (15/15)            Temple (1/1) D:4            Lair (5/5) D:8
 Shoals (3/4) Lair:3       Spider (4/4) Lair:3        Slime (0/5) Lair:5
    Orc (2/2) D:10            Elf (0/3) Orc:2        Vaults (4/5) D:13
  Crypt (0/3) Vaults:2     Depths (0/4) D:15

Altars:
Ashenzari
Cheibriados
Dithmenos
Elyvilon
Fedhas
Gozag
Hepliaklqana
Kikubaaqudgha
Makhleb
Nemelex Xobeh
Okawaru
Qazlal
Ru
Sif Muna
Trog
Uskayaw
Vehumet
Wu Jian
Xom
Yredelemnul
Zin
The Shining One
Jiyva

Shops:
D:7 :[   Orc:1 ((:   Orc:2 (?[[?   Vaults:1 *

Annotations:
Orc:1 1 runed translucent door, Kaxaet's ghost, journeyman MfVM


Message History

You block the great orb of eyes's attack.
You block the vault guard's attack.
You slash the great orb of eyes!
The great orb of eyes is heavily wounded.
You slash the deep troll! You slice the vault warden!!
The ice encasing you melts away.
The ironbound preserver gestures wildly while chanting.
The ironbound preserver begins to accept its allies' injuries.
The ironbound convoker points at the ironbound convoker and mumbles some strange words.
The ironbound convoker seems to grow stronger.
You block the great orb of eyes's attack.
The ironbound convoker gestures at the ironbound convoker while chanting.
The ironbound convoker seems to grow stronger.
You block the vault guard's attack. The deep troll bites you!!
You block the deep troll's attack. The deep troll claws you!!
The vault warden hits you with a +0 great mace!!
You hit the great orb of eyes.
The great orb of eyes is heavily wounded.
You barely miss the vault warden. You slash the deep troll!
You hit the great orb of eyes but do no damage.
The great orb of eyes is heavily wounded.
You hit the deep troll but do no damage.
You slash the vault warden!
You block the great orb of eyes's attack.
You block the deep troll's attack. The deep troll barely misses you. x2
You block the vault warden's attack.
You slash the great orb of eyes!
The great orb of eyes is heavily wounded.
You slash the vault warden! You slash the deep troll!
You block the great orb of eyes's attack.
The vault warden hits you with a +0 great mace!!!
The deep troll bites you but does no damage.
You block the deep troll's attack.
The deep troll claws you but does no damage.
35462 ||| READING 5 scrolls of teleportation.
As you read the scroll of teleportation, it crumbles to dust.
You feel strangely unstable.
You block the great orb of eyes's attack.
The vault warden hits you with a +0 great mace!!
You die... #.......# #.......+ #.......# #.......# #...p...# #.pTp.# #pGp#

#@#
########+#
#........#
#........#
#........#
#........#
#........#
#........#
#........#


You could see an ironbound preserver (strong), a vault warden (strong,
sheltered), a vault guard (strong, sheltered), a great orb of eyes (sheltered),
a deep troll (strong, sheltered) and 2 ironbound convokers.

Vanquished Creatures
  Mara (Spider:4)
  Arachne (Spider:3)
  Jorgrun (Orc:1)
  Asterion (Spider:2)
  An acid blob (Spider:3)
  Frances (Shoals:1)
  A kraken (Shoals:2)
  2 sphinxes
  Roxanne (Shoals:1)
  9 emperor scorpions
  5 vault wardens
  A frost giant (Vaults:4)
  An orc warlord (Vaults:3)
  7 ghost moths
  A stone giant (Vaults:4)
  7 ironbound thunderhulks
  11 ironbound preservers
  8 very ugly things
  2 broodmothers
  Nessos (D:13)
  2 minotaurs (D:11)
  8 dire elephants
  5 spark wasps
  Josephine (D:13)
  A merfolk impaler (Shoals:3)
  A merfolk javelineer (Shoals:3)
  4 entropy weavers
  11 yaktaur captains
  Fannar (Lair:3)
  3 catoblepae (Lair:5)
  13 ironbound frosthearts
  13 vault guards
  Harold (Lair:2)
  3 great orbs of eyes
  3 ogre magi
  2 death knights (Vaults:2)
  4 hydras
  3 radroaches
  2 merfolk aquamancers
  3 boulder beetles
  A jorogumo (Spider:2)
  23 death yaks
  14 two-headed ogres
  3 satyrs
  13 centaur warriors
  Urug (D:13)
  An orc high priest (Orc:2)
  4 pharaoh ants
  A shadow wraith (Vaults:2)
  Amaemon (Lair:3)
  2 sun moths
  7 orb spiders
  34 deep trolls
  5 sea snakes
  A glowing orange brain (Vaults:1)
  3 deep elf archers (D:13)
  5 steelbarb worms
  9 ironbound convokers
  6 wizards
  14 harpies
  5 lindwurms
  A necromancer (Vaults:1)
  11 orc knights
  2 orc sorcerers
  7 cyclopes
  9 wolf spiders
  25 ugly things
  11 manticores
  An oklob plant (Spider:3)
  12 fauns
  17 vault sentinels
  8 elephants
  3 moths of wrath (Spider:2)
  6 merfolk sirens
  6 torpor snails
  4 water nymphs
  6 black mambas
  7 cane toads
  A gargoyle (D:9)
  Maggie (Lair:1)
  2 rime drakes (Lair:5)
  An orange demon (Lair:3)
  9 demonic crawlers
  3 komodo dragons
  An efreet (D:14)
  31 yaktaurs
  8 wind drakes
  9 meliai
  13 trolls
  4 polar bears
  26 tarantellas
  15 merfolk
  7 snapping turtles
  A hornet (Spider:1)
  A wolf spider simulacrum (D:13)
  26 slime creatures
  21 blink frogs
  2 dream sheep (Shoals:3)
  16 culicivoras
  23 jumping spiders
  6 wyverns
  A centaur simulacrum (D:13)
  4 wraiths (D:13)
  8 water elementals
  5 basilisks
  83 yaks
  63 redbacks
  7 vampire mosquitoes
  6 wargs
  A steam dragon (D:7)
  13 water moccasins
  14 acid dragons
  A meliai simulacrum (D:14)
  26 orc warriors
  A black bear (D:7)
  2 ice beasts
  25 ogres
  17 wolves (Lair:1)
  A phantom (D:7)
  7 centaurs
  5 kobold brigands
  11 bullfrogs
  4 necrophages
  A gnoll sergeant (D:5)
  3 scorpions
  18 wights
  10 killer bees
  5 electric eels
  5 jellies
  2 gnoll boudas (D:5)
  8 hounds
  13 orc priests
  Jessica (D:3)
  Natasha (thrice) (D:3)
  26 orc wizards
  A boggart simulacrum (D:13)
  19 gnolls
  7 adders
  A shadow imp (D:8)
  2 ufetubi
  2 worms
  A dart slug (D:1)
  88 orcs
  5 bats
  6 endoplasms
  A giant cockroach (D:1)
  10 goblins
  8 hobgoblins
  24 kobolds
  5 quokkas
  7 ball pythons
  4 frilled lizards
  3 rats (D:1)
  2 bushes (D:4)
  4 tentacles (Shoals:2)
1263 creatures vanquished.

Vanquished Creatures (others)
  A jumping spider (Spider:4)
  A redback (Spider:2)
  A wight (D:7)
  2 demonic plants (D:3)
  21 fungi
  57 plants
  4 tentacles (Shoals:2)
87 creatures vanquished.

Grand Total: 1350 creatures vanquished

Notes
Turn   | Place    | Note
-------+----------+-------------------------------------------
     0 | D:1      | qw the Gargoyle Fighter began the quest for the Orb.
     0 | D:1      | Reached XP level 1. HP: 14/14 MP: 1/1
     0 | D:1      | 0 ||| qw: Version: 0.2-a-17-g06abaee
     0 | D:1      | 0 ||| qw: Game counter: 2098
     0 | D:1      | 0 ||| qw: Always use a shield: true
     0 | D:1      | 0 ||| qw: God list: Okawaru
     0 | D:1      | 0 ||| qw: Allow faded altars: false
     0 | D:1      | 0 ||| qw: Do Orc after D:15 true
     0 | D:1      | 0 ||| qw: Do second Lair branch before Depths: true
     0 | D:1      | 0 ||| qw: Lair rune preference: random
     0 | D:1      | 0 ||| qw: Plans: Normal, Zot:1-4, God:TSO, Crypt, Tomb,
                  | Pan, Slime:5, Hells, Abyss, Orb
     0 | D:1      | 0 ||| PLANNING D:1-11
   161 | D:1      | Reached XP level 2. HP: 19/19 MP: 2/2
   272 | D:1      | 272 ||| Stepping ~*~*~tactically~*~*~ (stealth).
   273 | D:1      | 273 ||| Stepping ~*~*~tactically~*~*~ (stealth).
   313 | D:1      | 313 ||| Stepping ~*~*~tactically~*~*~ (stealth).
   322 | D:1      | 322 ||| Stepping ~*~*~tactically~*~*~ (stealth).
   325 | D:1      | Reached skill level 3 in Axes
   334 | D:1      | Reached XP level 3. HP: 23/23 MP: 3/3
   518 | D:1      | 518 ||| DROPPING scarf of harm.
   519 | D:1      | 519 ||| READING 2 scrolls labelled RAOSTE IBUOL.
   520 | D:1      | 520 ||| READING scroll labelled CISUPP LOKKA.
   609 | D:2      | 609 ||| Stepping ~*~*~tactically~*~*~ (stealth).
   972 | D:2      | 972 ||| Stepping ~*~*~tactically~*~*~ (stealth).
   974 | D:2      | 974 ||| Stepping ~*~*~tactically~*~*~ (stealth).
   975 | D:2      | 975 ||| FLEEEEING.
   976 | D:2      | 976 ||| FLEEEEING.
   977 | D:2      | 977 ||| FLEEEEING.
   978 | D:2      | 978 ||| FLEEEEING.
   979 | D:2      | 979 ||| FLEEEEING.
   980 | D:2      | 980 ||| FLEEEEING.
   981 | D:2      | 981 ||| FLEEEEING.
   982 | D:2      | 982 ||| FLEEEEING.
   983 | D:2      | 983 ||| FLEEEEING.
   984 | D:2      | 984 ||| FLEEEEING.
   985 | D:2      | 985 ||| FLEEEEING.
   986 | D:2      | 986 ||| FLEEEEING.
   987 | D:2      | 987 ||| FLEEEEING.
   989 | D:2      | 989 ||| FLEEEEING.
   991 | D:2      | 991 ||| STAIRDANCE
  1004 | D:1      | 1004 ||| UPGRADING to +0 chain mail.
  1014 | D:1      | 1014 ||| DROPPING +0 scale mail.
  1015 | D:1      | 1015 ||| UPGRADING to +1 helmet.
  1020 | D:1      | 1020 ||| READING scroll labelled IDGHOI CAACS.
  1021 | D:1      | 1021 ||| READING scroll labelled WYUDOM URESH.
  1022 | D:1      | 1022 ||| READING 2 scrolls labelled ROBETSIOTH.
  1023 | D:1      | 1023 ||| READING scroll labelled EPRIEM LYBLOU.
  1024 | D:1      | 1024 ||| DRINKING 2 pink potions.
  1025 | D:1      | 1025 ||| READING 3 scrolls of identify.
  1025 | D:1      | 1025 ||| IDENTIFYING lumpy pink potion
  1026 | D:1      | 1026 ||| DROPPING potion of magic.
  1027 | D:1      | 1027 ||| DROPPING scroll of immolation.
  1146 | D:2      | 1146 ||| Stepping ~*~*~tactically~*~*~ (stealth).
  1154 | D:2      | Reached XP level 4. HP: 27/28 MP: 4/4
  1182 | D:2      | 1182 ||| DROPPING +1 hand axe of draining.
  1246 | D:2      | 1246 ||| Stepping ~*~*~tactically~*~*~ (stealth).
  1308 | D:2      | 1308 ||| READING scroll labelled LOJESA NEFFU.
  1308 | D:2      | Identified a scroll of acquirement
  1308 | D:2      | 1308 ||| ACQUIRING ring "Yssek" {Ice rN+ Int-4 Dex+2 SInv}
  1308 | D:2      | Acquired the ring "Yssek" {Ice rN+ Int-4 Dex+2 SInv}
  1310 | D:2      | 1310 ||| UPGRADING to ring "Yssek" {Ice rN+ Int-4 Dex+2
                  | SInv}.
  1333 | D:3      | 1333 ||| DROPPING +0 club.
  1497 | D:3      | 1497 ||| Stepping ~*~*~tactically~*~*~ (stealth).
  1510 | D:3      | 1510 ||| Stepping ~*~*~tactically~*~*~ (stealth).
  1511 | D:3      | 1511 ||| Stepping ~*~*~tactically~*~*~ (stealth).
  1512 | D:3      | 1512 ||| Stepping ~*~*~tactically~*~*~ (stealth).
  1522 | D:3      | Noticed Natasha
  1528 | D:3      | Killed Natasha
  1536 | D:3      | 1536 ||| Stepping ~*~*~tactically~*~*~ (stealth).
  1560 | D:3      | Reached XP level 5. HP: 27/32 MP: 5/5
  1651 | D:3      | Noticed Jessica
  1652 | D:3      | 1652 ||| Stepping ~*~*~tactically~*~*~ (stealth).
  1663 | D:3      | 1663 ||| Stepping ~*~*~tactically~*~*~ (hiding).
  1673 | D:3      | Killed Jessica
  1711 | D:3      | 1711 ||| Stepping ~*~*~tactically~*~*~ (stealth).
  1723 | D:3      | Noticed Natasha
  1727 | D:3      | Killed Natasha
  1817 | D:3      | 1817 ||| Stepping ~*~*~tactically~*~*~ (stealth).
  1822 | D:3      | Noticed Natasha
  1827 | D:3      | 1827 ||| Stepping ~*~*~tactically~*~*~ (stealth).
  1838 | D:3      | 1838 ||| Stepping ~*~*~tactically~*~*~ (stealth).
  1847 | D:3      | 1847 ||| DROPPING +0 whip.
  1848 | D:3      | 1848 ||| Stepping ~*~*~tactically~*~*~ (hiding).
  1860 | D:3      | Reached XP level 6. HP: 16/38 MP: 6/6
  1878 | D:3      | 1878 ||| FLEEEEING.
  1879 | D:3      | 1879 ||| FLEEEEING.
  1880 | D:3      | 1880 ||| FLEEEEING.
  1881 | D:3      | 1881 ||| FLEEEEING.
  1882 | D:3      | 1882 ||| FLEEEEING.
  1889 | D:3      | 1889 ||| FLEEEEING.
  1890 | D:3      | 1890 ||| FLEEEEING.
  1893 | D:3      | 1893 ||| FLEEEEING.
  1894 | D:3      | 1894 ||| FLEEEEING.
  1895 | D:3      | 1895 ||| FLEEEEING.
  1896 | D:3      | 1896 ||| FLEEEEING.
  1897 | D:3      | 1897 ||| FLEEEEING.
  1898 | D:3      | 1898 ||| FLEEEEING.
  1903 | D:3      | 1903 ||| Stepping ~*~*~tactically~*~*~ (hiding).
  1911 | D:3      | Killed Natasha
  2071 | D:3      | Found a faded altar of an unknown god.
  2334 | D:3      | 2334 ||| UPGRADING to +0 pair of gloves.
  2339 | D:3      | 2339 ||| READING scroll labelled TOTWYXK ODWYATZ.
  2361 | D:4      | Reached skill level 1 in Dodging
  2417 | D:4      | 2417 ||| FLEEEEING.
  2418 | D:4      | 2418 ||| FLEEEEING.
  2419 | D:4      | 2419 ||| FLEEEEING.
  2420 | D:4      | 2420 ||| STAIRDANCE
  2477 | D:4      | Found a staircase to the Ecumenical Temple.
  2478 | D:4      | 2478 ||| PLANNING TEMPLE
  2478 | D:4      | 2478 ||| READING 3 scrolls of identify.
  2478 | D:4      | 2478 ||| IDENTIFYING bubbling inky potion
  2485 | Temple   | Entered the Ecumenical Temple
  2545 | Temple   | 2545 ||| PLANNING OKAWARU WORSHIP
  2638 | Temple   | Became a worshipper of Warmaster Okawaru
  2639 | Temple   | 2639 ||| PLANNING D:1-11
  2861 | D:4      | Found a shimmering altar of Xom.
  2874 | D:4      | Reached XP level 7. HP: 43/43 MP: 7/7
  2877 | D:4      | Reached skill level 6 in Axes
  3021 | D:4      | 3021 ||| Stepping ~*~*~tactically~*~*~ (hiding).
  3034 | D:4      | Reached * piety under Okawaru
  3036 | D:4      | 3036 ||| INVOKING Heroism.
  3321 | D:4      | Reached skill level 1 in Invocations
  3797 | D:4      | 3797 ||| DROPPING scarf of invisibility.
  3798 | D:4      | 3798 ||| READING 3 scrolls of identify.
  3798 | D:4      | 3798 ||| IDENTIFYING cyan potion
  3832 | D:5      | Entered Level 5 of the Dungeon
  3872 | D:5      | 3872 ||| Stepping ~*~*~tactically~*~*~ (hiding).
  3873 | D:5      | 3873 ||| Stepping ~*~*~tactically~*~*~ (stealth).
  3874 | D:5      | 3874 ||| Stepping ~*~*~tactically~*~*~ (stealth).
  3891 | D:5      | 3891 ||| Stepping ~*~*~tactically~*~*~ (hiding).
  4007 | D:5      | 4007 ||| Stepping ~*~*~tactically~*~*~ (hiding).
  4136 | D:5      | Reached skill level 3 in Invocations
  4136 | D:5      | Reached XP level 8. HP: 48/48 MP: 8/10
  4161 | D:5      | 4161 ||| Stepping ~*~*~tactically~*~*~ (hiding).
  4162 | D:5      | 4162 ||| Stepping ~*~*~tactically~*~*~ (hiding).
  4167 | D:5      | 4167 ||| INVOKING Heroism.
  4294 | D:5      | 4294 ||| INVOKING Heroism.
  4323 | D:5      | Reached skill level 1 in Throwing
  4372 | D:5      | 4372 ||| INVOKING Heroism.
  4733 | D:5      | 4733 ||| READING scroll of acquirement.
  4733 | D:5      | 4733 ||| ACQUIRING ring "Kanumex" {Wiz Contam rC++ Will+
                  | Int+4}
  4733 | D:5      | Acquired the ring "Kanumex" {Wiz Contam rC++ Will+ Int+4}
  4735 | D:5      | 4735 ||| UPGRADING to ring "Kanumex" {Wiz Contam rC++ Will+
                  | Int+4}.
  4825 | D:5      | 4825 ||| UPGRADING to +0 cloak.
  4830 | D:5      | 4830 ||| READING scroll labelled WAALAN RUFECWOSHOD.
  4831 | D:5      | 4831 ||| READING scroll labelled GAITUKAEKU.
  4832 | D:5      | 4832 ||| READING scroll labelled VOKUAN WEGAPOBB.
  4833 | D:5      | 4833 ||| DRINKING 2 sedimented coppery potions.
  4834 | D:5      | 4834 ||| READING 5 scrolls of identify.
  4834 | D:5      | 4834 ||| IDENTIFYING viscous emerald potion
  4835 | D:5      | 4835 ||| READING 4 scrolls of identify.
  4835 | D:5      | 4835 ||| IDENTIFYING black potion
  4836 | D:5      | 4836 ||| DROPPING potion of degeneration.
  4853 | D:6      | 4853 ||| STAIRDANCE
  4859 | D:5      | 4859 ||| INVOKING Heroism.
  4938 | D:6      | 4938 ||| STAIRDANCE
  4941 | D:5      | Reached ** piety under Okawaru
  4951 | D:6      | 4951 ||| INVOKING Heroism.
  4952 | D:6      | 4952 ||| STAIRDANCE
  5117 | D:6      | 5117 ||| INVOKING Heroism.
  5122 | D:6      | 5122 ||| Stepping ~*~*~tactically~*~*~ (stealth).
  5123 | D:6      | 5123 ||| Stepping ~*~*~tactically~*~*~ (stealth).
  5124 | D:6      | 5124 ||| Stepping ~*~*~tactically~*~*~ (stealth).
  5130 | D:6      | 5130 ||| Stepping ~*~*~tactically~*~*~ (stealth).
  5131 | D:6      | 5131 ||| Stepping ~*~*~tactically~*~*~ (stealth).
  5158 | D:6      | Found a broken altar of Ashenzari.
  5158 | D:6      | Found a radiant altar of Vehumet.
  5161 | D:6      | Found a shadowy altar of Dithmenos.
  5460 | D:6      | Reached skill level 6 in Fighting
  5461 | D:6      | Found an ancient bone altar of Kikubaaqudgha.
  5464 | D:6      | 5464 ||| INVOKING Heroism.
  5474 | D:6      | Reached XP level 9. HP: 52/55 MP: 10/12
  5610 | D:6      | Found a white marble altar of Elyvilon.
  5610 | D:6      | Found a hazy altar of Hepliaklqana.
  5613 | D:6      | Found an opulent altar of Gozag.
  5614 | D:6      | Found a blossoming altar of Fedhas.
  5653 | D:6      | 5653 ||| Stepping ~*~*~tactically~*~*~ (stealth).
  5686 | D:6      | You fall into a shaft and drop 3 floors!
  5698 | D:9      | 5698 ||| UPGRADING to +0 pair of boots.
  5716 | D:8      | 5716 ||| Stepping ~*~*~tactically~*~*~ (stealth).
  5718 | D:8      | 5718 ||| Stepping ~*~*~tactically~*~*~ (stealth).
  5786 | D:7      | Found Bekyuro's Book Shoppe.
  5788 | D:7      | 5788 ||| INVOKING Heroism.
  5789 | D:7      | Found Seic's Armour Boutique.
  5819 | D:7      | 5819 ||| SHOPLISTING +0 fire dragon scales (960 gold, have
                  | 253).
  5819 | D:7      | 5819 ||| SHOPLISTING +0 plate armour (368 gold, have 253).
  5819 | D:7      | 5819 ||| SHOPLISTING +7 chain mail of Ymekhlez {+Blink
                  | Str+6 Dex+3} (1158 gold, have 253).
  5899 | D:7      | 5899 ||| INVOKING Heroism.
  5901 | D:7      | 5901 ||| Stepping ~*~*~tactically~*~*~ (stealth).
  5902 | D:7      | 5902 ||| Stepping ~*~*~tactically~*~*~ (stealth).
  5912 | D:7      | 5912 ||| INVOKING Heroism.
  5922 | D:7      | Reached skill level 9 in Axes
  5978 | D:7      | 5978 ||| Stepping ~*~*~tactically~*~*~ (stealth).
  5997 | D:7      | 5997 ||| INVOKING Heroism.
  6177 | D:7      | 6177 ||| READING scroll labelled ZIEJEV XUNGO.
  6203 | D:7      | 6203 ||| Stepping ~*~*~tactically~*~*~ (cloud).
  6208 | D:7      | 6208 ||| INVOKING Heroism.
  6216 | D:7      | Reached *** piety under Okawaru
  6217 | D:7      | Reached skill level 6 in Armour
  6534 | D:7      | 6534 ||| INVOKING Heroism.
  6655 | D:7      | 6655 ||| READING 6 scrolls of identify.
  6655 | D:7      | 6655 ||| IDENTIFYING white potion
  6656 | D:7      | 6656 ||| DROPPING potion of brilliance.
  6708 | D:8      | Noticed an elephant
  6713 | D:8      | 6713 ||| INVOKING Heroism.
  6723 | D:8      | Killed an elephant
  6724 | D:8      | Reached XP level 10. HP: 47/63 MP: 11/13
  6727 | D:8      | 6727 ||| Stepping ~*~*~tactically~*~*~ (stealth).
  6729 | D:8      | 6729 ||| Stepping ~*~*~tactically~*~*~ (stealth).
  6778 | D:8      | 6778 ||| DROPPING +0 flail.
  6814 | D:8      | 6814 ||| INVOKING Heroism.
  6829 | D:8      | Reached **** piety under Okawaru
  6865 | D:8      | 6865 ||| DROPPING +0 morningstar.
  6886 | D:8      | Found a staircase to the Lair.
  6983 | D:8      | 6983 ||| INVOKING Heroism.
  7171 | D:8      | 7171 ||| Stepping ~*~*~tactically~*~*~ (stealth).
  7181 | D:8      | 7181 ||| Stepping ~*~*~tactically~*~*~ (stealth).
  7320 | D:8      | 7320 ||| Stepping ~*~*~tactically~*~*~ (hiding).
  7467 | D:8      | 7467 ||| Stepping ~*~*~tactically~*~*~ (hiding).
  7690 | D:8      | 7690 ||| PLANNING LAIR
  7690 | D:8      | 7690 ||| DROPPING ring of ice.
  7691 | D:8      | 7691 ||| READING scroll labelled HIZILE YSMY.
  7792 | D:8      | 7792 ||| DRINKING 2 metallic coppery potions.
  7793 | D:8      | 7793 ||| DROPPING potion of invisibility.
  7841 | Lair:1   | Entered Level 1 of the Lair of Beasts
  7860 | Lair:1   | Noticed a black mamba
  7861 | Lair:1   | 7861 ||| INVOKING Heroism.
  7870 | Lair:1   | Killed a black mamba
  7925 | Lair:1   | 7925 ||| INVOKING Heroism.
  7951 | Lair:1   | Noticed a cane toad
  7952 | Lair:1   | 7952 ||| Stepping ~*~*~tactically~*~*~ (stealth).
  7958 | Lair:1   | 7958 ||| INVOKING Heroism.
  7962 | Lair:1   | Reached skill level 6 in Invocations
  7964 | Lair:1   | Noticed a cane toad
  7966 | Lair:1   | Noticed a cane toad
  7971 | Lair:1   | Killed a cane toad
  7971 | Lair:1   | Reached ***** piety under Okawaru
  7974 | Lair:1   | Killed a cane toad
  7978 | Lair:1   | 7978 ||| INVOKING Heroism.
  7985 | Lair:1   | HP: 11/64 [cane toad (12)]
  7986 | Lair:1   | 7986 ||| READING 2 scrolls of teleportation.
  7987 | Lair:1   | 7987 ||| DRINKING 3 potions of heal wounds.
  7989 | Lair:1   | Killed a cane toad
  7990 | Lair:1   | Reached XP level 11. HP: 44/68 MP: 13/16
  8214 | Lair:1   | Noticed Maggie
  8215 | Lair:1   | 8215 ||| Stepping ~*~*~tactically~*~*~ (hiding).
  8216 | Lair:1   | 8216 ||| Stepping ~*~*~tactically~*~*~ (hiding).
  8233 | Lair:1   | 8233 ||| INVOKING Heroism.
  8236 | Lair:1   | Killed Maggie
  8343 | Lair:1   | 8343 ||| Stepping ~*~*~tactically~*~*~ (stealth).
  8346 | Lair:1   | 8346 ||| INVOKING Heroism.
  8498 | Lair:1   | 8498 ||| INVOKING Heroism.
  8579 | Lair:1   | 8579 ||| INVOKING Heroism.
  8634 | Lair:1   | 8634 ||| INVOKING Heroism.
  9024 | Lair:1   | 9024 ||| UPGRADING to +1 pair of gloves.
  9034 | Lair:1   | 9034 ||| DROPPING +0 pair of gloves.
  9035 | Lair:1   | 9035 ||| READING 6 scrolls of identify.
  9035 | Lair:1   | 9035 ||| IDENTIFYING sapphire potion
  9036 | Lair:1   | 9036 ||| READING 5 scrolls of identify.
  9036 | Lair:1   | 9036 ||| IDENTIFYING bubbling dark potion
  9037 | Lair:1   | 9037 ||| DROPPING potion of flight.
  9038 | Lair:1   | 9038 ||| DROPPING potion of ambrosia.
  9215 | Lair:2   | 9215 ||| INVOKING Heroism.
  9223 | Lair:2   | Reached skill level 9 in Invocations
  9256 | Lair:2   | 9256 ||| INVOKING Heroism.
  9288 | Lair:2   | Noticed Harold
  9303 | Lair:2   | Killed Harold
  9303 | Lair:2   | Received a gift from Okawaru
  9304 | Lair:2   | Reached skill level 9 in Fighting
  9371 | Lair:2   | 9371 ||| INVOKING Heroism.
  9679 | Lair:2   | 9679 ||| INVOKING Heroism.
  9902 | Lair:2   | 9902 ||| READING scroll labelled ONGURGH CIMNIV.
  9961 | Lair:3   | Noticed a boulder beetle
  9962 | Lair:3   | 9962 ||| INVOKING Heroism.
  9963 | Lair:3   | 9963 ||| INVOKING Finesse.
  9982 | Lair:3   | Killed a boulder beetle
 10051 | Lair:3   | Reached XP level 12. HP: 71/76 MP: 19/19
 10084 | Lair:3   | Identified the +0 pair of gloves of Idealism {Will+ Regen+
                  | Str+2} (Okawaru gifted it to you on level 3 of the Lair of
                  | Beasts)
 10084 | Lair:3   | Received a gift from Okawaru
 10085 | Lair:3   | Reached skill level 12 in Axes
 10170 | Lair:3   | Noticed a death yak
 10170 | Lair:3   | Noticed a death yak
 10171 | Lair:3   | 10171 ||| Stepping ~*~*~tactically~*~*~ (stealth).
 10172 | Lair:3   | 10172 ||| INVOKING Heroism.
 10173 | Lair:3   | 10173 ||| INVOKING Finesse.
 10174 | Lair:3   | 10174 ||| Stepping ~*~*~tactically~*~*~ (stealth).
 10184 | Lair:3   | Noticed a death yak
 10195 | Lair:3   | Killed a death yak
 10202 | Lair:3   | Killed a death yak
 10217 | Lair:3   | Killed a death yak
 10320 | Lair:3   | 10320 ||| Stepping ~*~*~tactically~*~*~ (hiding).
 10328 | Lair:3   | Reached skill level 6 in Shields
 10329 | Lair:3   | 10329 ||| INVOKING Heroism.
 10467 | Lair:3   | Found a hole to the Spider Nest.
 10485 | Lair:3   | 10485 ||| Stepping ~*~*~tactically~*~*~ (stealth).
 10512 | Lair:3   | Found a staircase to the Shoals.
 10522 | Lair:3   | 10522 ||| INVOKING Heroism.
 10767 | Lair:3   | Noticed Fannar
 10782 | Lair:3   | 10782 ||| FLEEEEING.
 10783 | Lair:3   | 10783 ||| FLEEEEING.
 10784 | Lair:3   | 10784 ||| FLEEEEING.
 10785 | Lair:3   | 10785 ||| FLEEEEING.
 10786 | Lair:3   | 10786 ||| FLEEEEING.
 10787 | Lair:3   | 10787 ||| FLEEEEING.
 10788 | Lair:3   | 10788 ||| FLEEEEING.
 10789 | Lair:3   | 10789 ||| FLEEEEING.
 10790 | Lair:3   | 10790 ||| FLEEEEING.
 10791 | Lair:3   | 10791 ||| FLEEEEING.
 10791 | Lair:3   | Killed Fannar
 10875 | Lair:3   | 10875 ||| INVOKING Heroism.
 10881 | Lair:3   | Noticed Amaemon
 10902 | Lair:3   | Killed Amaemon
 11007 | Lair:3   | 11007 ||| DROPPING +1 morningstar of protection.
 11149 | Lair:3   | Noticed an eight-headed hydra
 11150 | Lair:3   | 11150 ||| INVOKING Heroism.
 11151 | Lair:3   | 11151 ||| INVOKING Finesse.
 11153 | Lair:3   | 11153 ||| SWAPPING to +0 demon whip of venom.
 11167 | Lair:3   | Killed an eight-headed hydra
 11168 | Lair:3   | 11168 ||| SWAPPING to +0 war axe of venom.
 11378 | Lair:3   | 11378 ||| UPGRADING to +0 pair of gloves of Idealism {Will+
                  | Regen+ Str+2}.
 11388 | Lair:3   | 11388 ||| DROPPING +1 pair of gloves.
 11389 | Lair:3   | 11389 ||| DROPPING +1 pair of gloves.
 11390 | Lair:3   | 11390 ||| READING scroll labelled VIJUKH SOV VOD.
 11440 | Lair:4   | Noticed a death yak
 11440 | Lair:4   | Noticed a death yak
 11441 | Lair:4   | 11441 ||| Stepping ~*~*~tactically~*~*~ (stealth).
 11443 | Lair:4   | 11443 ||| INVOKING Heroism.
 11444 | Lair:4   | 11444 ||| INVOKING Finesse.
 11445 | Lair:4   | 11445 ||| Stepping ~*~*~tactically~*~*~ (stealth).
 11454 | Lair:4   | Killed a death yak
 11458 | Lair:4   | Noticed a death yak
 11463 | Lair:4   | Noticed a death yak
 11469 | Lair:4   | Killed a death yak
 11473 | Lair:4   | Noticed a death yak
 11485 | Lair:4   | Killed a death yak
 11493 | Lair:4   | 11493 ||| INVOKING Finesse.
 11495 | Lair:4   | Killed a death yak
 11496 | Lair:4   | Reached skill level 9 in Armour
 11501 | Lair:4   | Killed a death yak
 11509 | Lair:4   | Reached XP level 13. HP: 77/82 MP: 12/20
 11522 | Lair:4   | 11522 ||| Stepping ~*~*~tactically~*~*~ (stealth).
 11561 | Lair:4   | Reached skill level 3 in Dodging
 11597 | Lair:4   | 11597 ||| Stepping ~*~*~tactically~*~*~ (stealth).
 11598 | Lair:4   | 11598 ||| INVOKING Heroism.
 11632 | Lair:4   | 11632 ||| Stepping ~*~*~tactically~*~*~ (stealth).
 11636 | Lair:4   | 11636 ||| Stepping ~*~*~tactically~*~*~ (stealth).
 11644 | Lair:4   | Identified the +5 trident of Fele {flame, rC- Str+4 Int+8
                  | Stlth-} (Okawaru gifted it to you on level 4 of the Lair of
                  | Beasts)
 11644 | Lair:4   | Received a gift from Okawaru
 11676 | Lair:4   | 11676 ||| Stepping ~*~*~tactically~*~*~ (stealth).
 11742 | Lair:4   | 11742 ||| INVOKING Heroism.
 11768 | Lair:4   | 11768 ||| Stepping ~*~*~tactically~*~*~ (stealth).
 11787 | Lair:4   | 11787 ||| INVOKING Heroism.
 11809 | Lair:4   | HP: 20/82 [lindwurm (9)]
 11810 | Lair:4   | 11810 ||| READING 2 scrolls of teleportation.
 11811 | Lair:4   | 11811 ||| DRINKING 3 potions of heal wounds.
 11812 | Lair:4   | HP: 5/82 [lindwurm/blast of flame (39)]
 11813 | Lair:4   | 11813 ||| DRINKING 2 potions of heal wounds.
 11816 | Lair:4   | 11816 ||| FLEEEEING.
 11817 | Lair:4   | 11817 ||| FLEEEEING.
 11818 | Lair:4   | 11818 ||| FLEEEEING.
 11899 | Lair:4   | 11899 ||| INVOKING Heroism.
 11901 | Lair:4   | 11901 ||| Stepping ~*~*~tactically~*~*~ (stealth).
 11989 | Lair:4   | 11989 ||| Stepping ~*~*~tactically~*~*~ (stealth).
 11990 | Lair:4   | 11990 ||| Stepping ~*~*~tactically~*~*~ (stealth).
 11991 | Lair:4   | 11991 ||| Stepping ~*~*~tactically~*~*~ (stealth).
 11997 | Lair:4   | 11997 ||| Stepping ~*~*~tactically~*~*~ (stealth).
 12016 | Lair:4   | 12016 ||| INVOKING Heroism.
 12017 | Lair:4   | 12017 ||| INVOKING Finesse.
 12018 | Lair:4   | 12018 ||| SWAPPING to +0 demon whip of venom.
 12028 | Lair:4   | 12028 ||| SWAPPING to +0 war axe of venom.
 12232 | Lair:4   | 12232 ||| INVOKING Heroism.
 12422 | Lair:4   | 12422 ||| READING scroll labelled JYACVAA NILO.
 12428 | Lair:5   | Entered Level 5 of the Lair of Beasts
 12429 | Lair:5   | 12429 ||| INVOKING Heroism.
 12430 | Lair:5   | 12430 ||| Stepping ~*~*~tactically~*~*~ (stealth).
 12431 | Lair:5   | 12431 ||| Stepping ~*~*~tactically~*~*~ (stealth).
 12432 | Lair:5   | 12432 ||| Stepping ~*~*~tactically~*~*~ (stealth).
 12436 | Lair:5   | 12436 ||| Stepping ~*~*~tactically~*~*~ (stealth).
 12437 | Lair:5   | 12437 ||| INVOKING Finesse.
 12448 | Lair:5   | Identified the +10 hand axe of the Pharaoh's Fist {protect,
                  | Fly Str+4} (Okawaru gifted it to you on level 5 of the Lair
                  | of Beasts)
 12448 | Lair:5   | Received a gift from Okawaru
 12467 | Lair:5   | 12467 ||| INVOKING Heroism.
 12484 | Lair:5   | 12484 ||| Stepping ~*~*~tactically~*~*~ (stealth).
 12486 | Lair:5   | 12486 ||| Stepping ~*~*~tactically~*~*~ (stealth).
 12487 | Lair:5   | 12487 ||| Stepping ~*~*~tactically~*~*~ (stealth).
 12488 | Lair:5   | 12488 ||| Stepping ~*~*~tactically~*~*~ (stealth).
 12511 | Lair:5   | 12511 ||| SWAPPING to +10 hand axe of the Pharaoh's Fist
                  | {protect, Fly Str+4}.
 12512 | Lair:5   | 12512 ||| DROPPING +1 war axe.
 12513 | Lair:5   | 12513 ||| DROPPING +0 war axe of venom.
 12533 | Lair:5   | 12533 ||| INVOKING Heroism.
 12597 | Lair:5   | 12597 ||| INVOKING Heroism.
 12598 | Lair:5   | 12598 ||| INVOKING Finesse.
 12599 | Lair:5   | 12599 ||| SWAPPING to +0 demon whip of venom.
 12610 | Lair:5   | 12610 ||| SWAPPING to +10 hand axe of the Pharaoh's Fist
                  | {protect, Fly Str+4}.
 12684 | Lair:5   | 12684 ||| STAIRDANCE
 12696 | Lair:5   | 12696 ||| STAIRDANCE
 12743 | Lair:5   | 12743 ||| Stepping ~*~*~tactically~*~*~ (stealth).
 12744 | Lair:5   | 12744 ||| Stepping ~*~*~tactically~*~*~ (stealth).
 12746 | Lair:5   | 12746 ||| INVOKING Heroism.
 12757 | Lair:5   | 12757 ||| INVOKING Finesse.
 12769 | Lair:5   | Received a gift from Okawaru
 12787 | Lair:5   | Reached skill level 12 in Fighting
 12849 | Lair:5   | 12849 ||| Stepping ~*~*~tactically~*~*~ (stealth).
 12852 | Lair:5   | 12852 ||| Stepping ~*~*~tactically~*~*~ (stealth).
 12854 | Lair:5   | 12854 ||| Stepping ~*~*~tactically~*~*~ (stealth).
 12856 | Lair:5   | 12856 ||| Stepping ~*~*~tactically~*~*~ (stealth).
 12857 | Lair:5   | 12857 ||| Stepping ~*~*~tactically~*~*~ (stealth).
 12858 | Lair:5   | 12858 ||| INVOKING Heroism.
 12859 | Lair:5   | 12859 ||| Stepping ~*~*~tactically~*~*~ (stealth).
 12870 | Lair:5   | 12870 ||| Stepping ~*~*~tactically~*~*~ (stealth).
 12880 | Lair:5   | Gained mutation: Your large and strong wings let you fly.
                  | [Gargoyle growth]
 12880 | Lair:5   | Reached XP level 14. HP: 72/92 MP: 21/21
 12905 | Lair:5   | Found a staircase to the Slime Pits.
 12905 | Lair:5   | Found a viscous altar of Jiyva.
 13047 | Lair:5   | 13047 ||| INVOKING Heroism.
 13048 | Lair:5   | 13048 ||| INVOKING Finesse.
 13050 | Lair:5   | 13050 ||| SWAPPING to +0 demon whip of venom.
 13067 | Lair:5   | 13067 ||| SWAPPING to +10 hand axe of the Pharaoh's Fist
                  | {protect, Fly Str+4}.
 13133 | Lair:5   | 13133 ||| Stepping ~*~*~tactically~*~*~ (stealth).
 13136 | Lair:5   | 13136 ||| Stepping ~*~*~tactically~*~*~ (stealth).
 13138 | Lair:5   | 13138 ||| INVOKING Heroism.
 13329 | Lair:5   | 13329 ||| INVOKING Heroism.
 13330 | Lair:5   | 13330 ||| INVOKING Finesse.
 13338 | Lair:5   | Received a gift from Okawaru
 13390 | Lair:5   | 13390 ||| INVOKING Heroism.
 13394 | Lair:5   | 13394 ||| INVOKING Finesse.
 13414 | Lair:5   | 13414 ||| Stepping ~*~*~tactically~*~*~ (stealth).
 13448 | Lair:5   | Received a gift from Okawaru
 13499 | Lair:5   | 13499 ||| INVOKING Heroism.
 13500 | Lair:5   | 13500 ||| INVOKING Finesse.
 13571 | Lair:5   | 13571 ||| INVOKING Heroism.
 13572 | Lair:5   | 13572 ||| INVOKING Finesse.
 13626 | Lair:5   | 13626 ||| INVOKING Finesse.
 13629 | Lair:5   | 13629 ||| INVOKING Heroism.
 13687 | Lair:5   | 13687 ||| INVOKING Heroism.
 13730 | Lair:5   | 13730 ||| INVOKING Heroism.
 13933 | Lair:5   | 13933 ||| PLANNING D:1-11
 13933 | Lair:5   | 13933 ||| UPGRADING to +2 helmet.
 13943 | Lair:5   | 13943 ||| DROPPING +1 helmet.
 13944 | Lair:5   | 13944 ||| READING scroll labelled EKOURO NEDAPN.
 14144 | D:9      | 14144 ||| Stepping ~*~*~tactically~*~*~ (stealth).
 14146 | D:9      | 14146 ||| INVOKING Heroism.
 14151 | D:9      | 14151 ||| Stepping ~*~*~tactically~*~*~ (stealth).
 14239 | D:9      | 14239 ||| Stepping ~*~*~tactically~*~*~ (hiding).
 14248 | D:9      | Reached skill level 3 in Throwing
 14375 | D:9      | 14375 ||| Stepping ~*~*~tactically~*~*~ (hiding).
 14377 | D:9      | 14377 ||| INVOKING Heroism.
 14457 | D:9      | 14457 ||| UPGRADING to +0 plate armour.
 14460 | D:9      | 14460 ||| Stepping ~*~*~tactically~*~*~ (stealth).
 14461 | D:9      | 14461 ||| Stepping ~*~*~tactically~*~*~ (stealth).
 14462 | D:9      | 14462 ||| UPGRADING to +0 plate armour.
 14467 | D:9      | 14467 ||| INVOKING Heroism.
 14477 | D:9      | 14477 ||| UPGRADING to +0 plate armour.
 14487 | D:9      | 14487 ||| DROPPING +0 chain mail.
 14488 | D:9      | 14488 ||| DROPPING +1 ring mail of fire resistance.
 14493 | D:9      | 14493 ||| DROPPING amulet of faith.
 14494 | D:9      | 14494 ||| Stepping randomly (stuck).
 14495 | D:9      | 14495 ||| Stepping randomly (stuck).
 14496 | D:9      | 14496 ||| Stepping randomly (stuck).
 14498 | D:9      | 14498 ||| Stepping randomly (stuck).
 14499 | D:9      | 14499 ||| Stepping randomly (stuck).
 14500 | D:9      | 14500 ||| Stepping randomly (stuck).
 14501 | D:9      | 14501 ||| Stepping randomly (stuck).
 14502 | D:9      | 14502 ||| Stepping randomly (stuck).
 14503 | D:9      | 14503 ||| Stepping randomly (stuck).
 14506 | D:9      | 14506 ||| Stepping randomly (stuck).
 14507 | D:9      | 14507 ||| Stepping randomly (stuck).
 14509 | D:9      | 14509 ||| Stepping randomly (stuck).
 14510 | D:9      | 14510 ||| Stepping randomly (stuck).
 14512 | D:9      | 14512 ||| Stepping randomly (stuck).
 14513 | D:9      | 14513 ||| Stepping randomly (stuck).
 14514 | D:9      | 14514 ||| Stepping randomly (stuck).
 14516 | D:9      | 14516 ||| Stepping randomly (stuck).
 14517 | D:9      | 14517 ||| Stepping randomly (stuck).
 14518 | D:9      | 14518 ||| Stepping randomly (stuck).
 14519 | D:9      | 14519 ||| Stepping randomly (stuck).
 14559 | D:9      | 14559 ||| Stepping randomly (stuck).
 14564 | D:9      | 14564 ||| Stepping randomly (stuck).
 14565 | D:9      | 14565 ||| Stepping randomly (stuck).
 14566 | D:9      | 14566 ||| Stepping randomly (stuck).
 14567 | D:9      | 14567 ||| Stepping randomly (stuck).
 14568 | D:9      | 14568 ||| Stepping randomly (stuck).
 14569 | D:9      | 14569 ||| Stepping randomly (stuck).
 14570 | D:9      | 14570 ||| Stepping randomly (stuck).
 14571 | D:9      | 14571 ||| Stepping randomly (stuck).
 14572 | D:9      | 14572 ||| Stepping randomly (stuck).
 14573 | D:9      | 14573 ||| Stepping randomly (stuck).
 14574 | D:9      | 14574 ||| Stepping randomly (stuck).
 14575 | D:9      | 14575 ||| Stepping randomly (stuck).
 14576 | D:9      | 14576 ||| Stepping randomly (stuck).
 14577 | D:9      | 14577 ||| Stepping randomly (stuck).
 14578 | D:9      | 14578 ||| Stepping randomly (stuck).
 14579 | D:9      | 14579 ||| Stepping randomly (stuck).
 14580 | D:9      | 14580 ||| Stepping randomly (stuck).
 14581 | D:9      | 14581 ||| Stepping randomly (stuck).
 14582 | D:9      | 14582 ||| Stepping randomly (stuck).
 14583 | D:9      | 14583 ||| Stepping randomly (stuck).
 14584 | D:9      | 14584 ||| Stepping randomly (stuck).
 14585 | D:9      | 14585 ||| Stepping randomly (stuck).
 14586 | D:9      | 14586 ||| Stepping randomly (stuck).
 14587 | D:9      | 14587 ||| Stepping randomly (stuck).
 14588 | D:9      | 14588 ||| Stepping randomly (stuck).
 14589 | D:9      | 14589 ||| Stepping randomly (stuck).
 14590 | D:9      | 14590 ||| Stepping randomly (stuck).
 14591 | D:9      | 14591 ||| Stepping randomly (stuck).
 14593 | D:9      | 14593 ||| Stepping randomly (stuck).
 14594 | D:9      | 14594 ||| Stepping randomly (stuck).
 14596 | D:9      | 14596 ||| READING scroll of teleportation.
 14633 | D:9      | Found a sparkling altar of Nemelex Xobeh.
 14671 | D:9      | 14671 ||| Stepping ~*~*~tactically~*~*~ (hiding).
 14723 | D:9      | 14723 ||| Stepping ~*~*~tactically~*~*~ (stealth).
 14734 | D:9      | 14734 ||| INVOKING Heroism.
 14744 | D:9      | 14744 ||| Stepping ~*~*~tactically~*~*~ (stealth).
 14859 | D:9      | 14859 ||| Stepping ~*~*~tactically~*~*~ (hiding).
 14863 | D:9      | 14863 ||| INVOKING Heroism.
 15116 | D:9      | 15116 ||| Stepping randomly (stuck).
 15117 | D:9      | 15117 ||| Stepping randomly (stuck).
 15118 | D:9      | 15118 ||| Stepping randomly (stuck).
 15122 | D:9      | 15122 ||| Stepping randomly (stuck).
 15123 | D:9      | 15123 ||| Stepping randomly (stuck).
 15129 | D:9      | 15129 ||| Stepping randomly (stuck).
 15130 | D:9      | 15130 ||| Stepping randomly (stuck).
 15131 | D:9      | 15131 ||| Stepping randomly (stuck).
 15240 | D:10     | Entered Level 10 of the Dungeon
 15325 | D:10     | 15325 ||| Stepping ~*~*~tactically~*~*~ (stealth).
 15330 | D:10     | 15330 ||| Stepping ~*~*~tactically~*~*~ (stealth).
 15332 | D:10     | 15332 ||| Stepping ~*~*~tactically~*~*~ (stealth).
 15337 | D:10     | 15337 ||| Stepping ~*~*~tactically~*~*~ (stealth).
 15360 | D:10     | 15360 ||| Stepping ~*~*~tactically~*~*~ (stealth).
 15364 | D:10     | 15364 ||| Stepping ~*~*~tactically~*~*~ (stealth).
 15365 | D:10     | 15365 ||| Stepping ~*~*~tactically~*~*~ (hiding).
 15397 | D:10     | 15397 ||| Stepping ~*~*~tactically~*~*~ (stealth).
 15413 | D:10     | Received a gift from Okawaru
 15414 | D:10     | Reached skill level 12 in Armour
 15429 | D:10     | 15429 ||| FLEEEEING.
 15431 | D:10     | 15431 ||| FLEEEEING.
 15432 | D:10     | 15432 ||| FLEEEEING.
 15433 | D:10     | 15433 ||| FLEEEEING.
 15434 | D:10     | 15434 ||| FLEEEEING.
 15435 | D:10     | 15435 ||| FLEEEEING.
 15436 | D:10     | 15436 ||| FLEEEEING.
 15437 | D:10     | 15437 ||| FLEEEEING.
 15502 | D:10     | Found a glowing silver altar of Zin.
 15533 | D:10     | 15533 ||| Stepping ~*~*~tactically~*~*~ (stealth).
 15534 | D:10     | 15534 ||| Stepping ~*~*~tactically~*~*~ (stealth).
 15535 | D:10     | 15535 ||| Stepping ~*~*~tactically~*~*~ (stealth).
 15539 | D:10     | 15539 ||| INVOKING Heroism.
 15560 | D:10     | Found a staircase to the Orcish Mines.
 15712 | D:10     | 15712 ||| Stepping ~*~*~tactically~*~*~ (hiding).
 15723 | D:10     | 15723 ||| Stepping ~*~*~tactically~*~*~ (stealth).
 15736 | D:10     | 15736 ||| Stepping ~*~*~tactically~*~*~ (hiding).
 15741 | D:10     | 15741 ||| INVOKING Heroism.
 15749 | D:10     | 15749 ||| Stepping ~*~*~tactically~*~*~ (stealth).
 15772 | D:10     | 15772 ||| Stepping ~*~*~tactically~*~*~ (stealth).
 15789 | D:10     | 15789 ||| INVOKING Heroism.
 15922 | D:10     | 15922 ||| UPGRADING to +3 plate armour.
 15932 | D:10     | 15932 ||| DROPPING +0 plate armour.
 15944 | D:11     | 15944 ||| INVOKING Heroism.
 15945 | D:11     | 15945 ||| STAIRDANCE
 15967 | D:11     | 15967 ||| Stepping ~*~*~tactically~*~*~ (stealth).
 15969 | D:11     | 15969 ||| Stepping ~*~*~tactically~*~*~ (hiding).
 15987 | D:11     | 15987 ||| Stepping ~*~*~tactically~*~*~ (hiding).
 15996 | D:11     | 15996 ||| INVOKING Heroism.
 16012 | D:11     | 16012 ||| Stepping ~*~*~tactically~*~*~ (stealth).
 16014 | D:11     | 16014 ||| Stepping ~*~*~tactically~*~*~ (hiding).
 16016 | D:11     | 16016 ||| Stepping ~*~*~tactically~*~*~ (hiding).
 16064 | D:11     | 16064 ||| INVOKING Finesse.
 16065 | D:11     | 16065 ||| Stepping ~*~*~tactically~*~*~ (stealth).
 16066 | D:11     | 16066 ||| Stepping ~*~*~tactically~*~*~ (stealth).
 16068 | D:11     | 16068 ||| INVOKING Heroism.
 16161 | D:11     | 16161 ||| Stepping ~*~*~tactically~*~*~ (stealth).
 16165 | D:11     | 16165 ||| Stepping ~*~*~tactically~*~*~ (stealth).
 16167 | D:11     | 16167 ||| INVOKING Heroism.
 16212 | D:11     | 16212 ||| INVOKING Heroism.
 16221 | D:11     | Reached skill level 9 in Shields
 16352 | D:11     | 16352 ||| Stepping ~*~*~tactically~*~*~ (hiding).
 16353 | D:11     | 16353 ||| Stepping ~*~*~tactically~*~*~ (stealth).
 16358 | D:11     | 16358 ||| INVOKING Heroism.
 16375 | D:11     | Received a gift from Okawaru
 16383 | D:11     | Reached XP level 15. HP: 99/99 MP: 22/22
 16412 | D:11     | 16412 ||| INVOKING Heroism.
 16468 | D:11     | 16468 ||| INVOKING Heroism.
 16641 | D:11     | 16641 ||| FLEEEEING.
 16642 | D:11     | 16642 ||| FLEEEEING.
 16643 | D:11     | 16643 ||| FLEEEEING.
 16644 | D:11     | 16644 ||| FLEEEEING.
 16645 | D:11     | 16645 ||| FLEEEEING.
 16646 | D:11     | 16646 ||| FLEEEEING.
 16647 | D:11     | 16647 ||| FLEEEEING.
 16648 | D:11     | 16648 ||| FLEEEEING.
 16649 | D:11     | 16649 ||| FLEEEEING.
 16650 | D:11     | 16650 ||| FLEEEEING.
 16651 | D:11     | 16651 ||| FLEEEEING.
 16652 | D:11     | 16652 ||| FLEEEEING.
 16653 | D:11     | 16653 ||| FLEEEEING.
 16654 | D:11     | 16654 ||| FLEEEEING.
 16656 | D:11     | 16656 ||| FLEEEEING.
 16658 | D:11     | 16658 ||| FLEEEEING.
 16662 | D:11     | 16662 ||| FLEEEEING.
 16663 | D:11     | 16663 ||| FLEEEEING.
 16664 | D:11     | 16664 ||| FLEEEEING.
 16665 | D:11     | 16665 ||| FLEEEEING.
 16666 | D:11     | 16666 ||| FLEEEEING.
 16667 | D:11     | 16667 ||| FLEEEEING.
 16668 | D:11     | 16668 ||| FLEEEEING.
 16669 | D:11     | 16669 ||| FLEEEEING.
 16671 | D:11     | 16671 ||| FLEEEEING.
 16672 | D:11     | 16672 ||| FLEEEEING.
 16673 | D:11     | 16673 ||| FLEEEEING.
 16674 | D:11     | 16674 ||| FLEEEEING.
 16676 | D:11     | 16676 ||| FLEEEEING.
 16677 | D:11     | 16677 ||| FLEEEEING.
 16678 | D:11     | 16678 ||| FLEEEEING.
 16679 | D:11     | 16679 ||| FLEEEEING.
 16680 | D:11     | 16680 ||| FLEEEEING.
 16687 | D:11     | 16687 ||| FLEEEEING.
 16688 | D:11     | 16688 ||| FLEEEEING.
 16689 | D:11     | 16689 ||| FLEEEEING.
 16691 | D:11     | 16691 ||| FLEEEEING.
 16692 | D:11     | 16692 ||| FLEEEEING.
 16693 | D:11     | 16693 ||| FLEEEEING.
 16694 | D:11     | 16694 ||| FLEEEEING.
 16695 | D:11     | 16695 ||| STAIRDANCE
 16797 | D:10     | 16797 ||| UPGRADING to +0 crystal plate armour.
 16807 | D:10     | 16807 ||| DROPPING +3 plate armour.
 16808 | D:10     | 16808 ||| DROPPING +2 plate armour of willpower.
 16809 | D:10     | 16809 ||| READING 10 scrolls of identify.
 16809 | D:10     | 16809 ||| IDENTIFYING murky coppery potion
 16810 | D:10     | 16810 ||| DROPPING potion of berserk rage.
 17227 | D:11     | 17227 ||| PLANNING D
 17307 | D:12     | 17307 ||| Stepping ~*~*~tactically~*~*~ (stealth).
 17312 | D:12     | Received a gift from Okawaru
 17466 | D:12     | 17466 ||| Stepping ~*~*~tactically~*~*~ (hiding).
 17467 | D:12     | 17467 ||| Stepping ~*~*~tactically~*~*~ (hiding).
 17629 | D:12     | Identified the +2 ring mail "Astristra" {Will++ Regen+
                  | rCorr Int-2}
 17653 | D:12     | 17653 ||| Stepping ~*~*~tactically~*~*~ (stealth).
 17704 | D:12     | 17704 ||| INVOKING Heroism.
 17731 | D:12     | Received a gift from Okawaru
 18146 | D:12     | 18146 ||| DROPPING +0 acid dragon scales.
 18192 | D:13     | 18192 ||| INVOKING Heroism.
 18210 | D:13     | Noticed Nessos
 18211 | D:13     | 18211 ||| Stepping ~*~*~tactically~*~*~ (hiding).
 18215 | D:13     | 18215 ||| INVOKING Finesse.
 18221 | D:13     | Killed Nessos
 18222 | D:13     | Reached skill level 6 in Throwing
 18374 | D:13     | 18374 ||| Stepping ~*~*~tactically~*~*~ (hiding).
 18388 | D:13     | Identified the +1 robe of Tenacity {Drain rPois rC+ Will+}
                  | (Okawaru gifted it to you on level 13 of the Dungeon)
 18388 | D:13     | Received a gift from Okawaru
 18389 | D:13     | 18389 ||| INVOKING Heroism.
 18690 | D:13     | 18690 ||| FLEEEEING.
 18776 | D:13     | Identified the +5 scale mail of the Heavens {rF+ Dex+2}
 18787 | D:13     | 18787 ||| Stepping ~*~*~tactically~*~*~ (hiding).
 18790 | D:13     | 18790 ||| INVOKING Heroism.
 18809 | D:13     | 18809 ||| READING scroll of enchant armour.
 18809 | D:13     | 18809 ||| ENCHANTING +0 crystal plate armour.
 18814 | D:13     | 18814 ||| Stepping ~*~*~tactically~*~*~ (hiding).
 18840 | D:13     | 18840 ||| Stepping ~*~*~tactically~*~*~ (stealth).
 18872 | D:13     | Noticed Josephine
 18873 | D:13     | 18873 ||| Stepping ~*~*~tactically~*~*~ (hiding).
 18874 | D:13     | 18874 ||| Stepping ~*~*~tactically~*~*~ (hiding).
 18875 | D:13     | 18875 ||| Stepping ~*~*~tactically~*~*~ (hiding).
 18894 | D:13     | Killed Josephine
 18925 | D:13     | 18925 ||| INVOKING Heroism.
 18930 | D:13     | Noticed Urug
 18931 | D:13     | 18931 ||| INVOKING Finesse.
 18946 | D:13     | Killed Urug
 18947 | D:13     | 18947 ||| FLEEEEING.
 18947 | D:13     | HP: 20/100 [deep elf archer/arrow (19)]
 18948 | D:13     | 18948 ||| FLEEEEING.
 18949 | D:13     | 18949 ||| FLEEEEING.
 18960 | D:13     | 18960 ||| FLEEEEING.
 18961 | D:13     | 18961 ||| FLEEEEING.
 18962 | D:13     | 18962 ||| FLEEEEING.
 18963 | D:13     | 18963 ||| FLEEEEING.
 18964 | D:13     | 18964 ||| FLEEEEING.
 18965 | D:13     | 18965 ||| FLEEEEING.
 18972 | D:13     | 18972 ||| FLEEEEING.
 18978 | D:13     | 18978 ||| Stepping ~*~*~tactically~*~*~ (hiding).
 18981 | D:13     | 18981 ||| INVOKING Heroism.
 19288 | D:13     | 19288 ||| INVOKING Heroism.
 19295 | D:13     | 19295 ||| Stepping ~*~*~tactically~*~*~ (hiding).
 19311 | D:13     | 19311 ||| Stepping ~*~*~tactically~*~*~ (hiding).
 19343 | D:13     | Found a gate to the Vaults.
 19358 | D:13     | Reached skill level 15 in Armour
 19427 | D:13     | 19427 ||| DROPPING orb of mayhem.
 19499 | D:14     | 19499 ||| Stepping ~*~*~tactically~*~*~ (stealth).
 19644 | D:14     | Found a glowing golden altar of the Shining One.
 19783 | D:14     | 19783 ||| Stepping ~*~*~tactically~*~*~ (hiding).
 19873 | D:14     | 19873 ||| Stepping ~*~*~tactically~*~*~ (stealth).
 19880 | D:14     | 19880 ||| Stepping ~*~*~tactically~*~*~ (stealth).
 19883 | D:14     | 19883 ||| INVOKING Heroism.
 19936 | D:14     | 19936 ||| Stepping ~*~*~tactically~*~*~ (hiding).
 19938 | D:14     | 19938 ||| Stepping ~*~*~tactically~*~*~ (hiding).
 19940 | D:14     | 19940 ||| Stepping ~*~*~tactically~*~*~ (hiding).
 19941 | D:14     | 19941 ||| Stepping ~*~*~tactically~*~*~ (hiding).
 19942 | D:14     | 19942 ||| Stepping ~*~*~tactically~*~*~ (hiding).
 20239 | D:14     | 20239 ||| UPGRADING to scarf of resistance.
 20267 | D:15     | Entered Level 15 of the Dungeon
 20275 | D:15     | 20275 ||| Stepping ~*~*~tactically~*~*~ (stealth).
 20276 | D:15     | 20276 ||| Stepping ~*~*~tactically~*~*~ (stealth).
 20278 | D:15     | 20278 ||| Stepping ~*~*~tactically~*~*~ (stealth).
 20279 | D:15     | 20279 ||| INVOKING Heroism.
 20280 | D:15     | 20280 ||| Stepping ~*~*~tactically~*~*~ (stealth).
 20281 | D:15     | 20281 ||| Stepping ~*~*~tactically~*~*~ (stealth).
 20456 | D:15     | 20456 ||| INVOKING Heroism.
 20469 | D:15     | Received a gift from Okawaru
 20470 | D:15     | HP: 18/100 [red ugly thing (15)]
 20471 | D:15     | 20471 ||| READING 3 scrolls of teleportation.
 20472 | D:15     | 20472 ||| DRINKING 3 potions of heal wounds.
 20570 | D:15     | 20570 ||| Stepping ~*~*~tactically~*~*~ (stealth).
 20572 | D:15     | 20572 ||| Stepping ~*~*~tactically~*~*~ (stealth).
 20580 | D:15     | 20580 ||| Stepping ~*~*~tactically~*~*~ (stealth).
 20585 | D:15     | 20585 ||| INVOKING Heroism.
 20593 | D:15     | 20593 ||| Stepping ~*~*~tactically~*~*~ (hiding).
 20598 | D:15     | Reached XP level 16. HP: 106/106 MP: 21/23
 20626 | D:15     | Found a staircase to the Depths.
 20968 | D:15     | Received a gift from Okawaru
 21136 | D:15     | 21136 ||| PLANNING ORC
 21136 | D:15     | 21136 ||| UPGRADING to +2 buckler of protection.
 21146 | D:15     | 21146 ||| DROPPING +0 buckler.
 21280 | Orc:1    | Entered Level 1 of the Orcish Mines
 21280 | Orc:1    | Found Tumih's Weapon Emporium.
 21281 | Orc:1    | 21281 ||| INVOKING Heroism.
 21319 | Orc:1    | 21319 ||| INVOKING Heroism.
 21433 | Orc:1    | 21433 ||| Stepping ~*~*~tactically~*~*~ (hiding).
 21434 | Orc:1    | 21434 ||| Stepping ~*~*~tactically~*~*~ (hiding).
 21459 | Orc:1    | Found Naxelol's Weapon Shop.
 21483 | Orc:1    | 21483 ||| INVOKING Heroism.
 21541 | Orc:1    | Noticed Kaxaet's ghost (journeyman MfVM)
 21551 | Orc:1    | 21551 ||| Stepping ~*~*~tactically~*~*~ (stealth).
 21552 | Orc:1    | 21552 ||| Stepping ~*~*~tactically~*~*~ (stealth).
 21554 | Orc:1    | 21554 ||| Stepping ~*~*~tactically~*~*~ (hiding).
 21557 | Orc:1    | 21557 ||| Stepping ~*~*~tactically~*~*~ (hiding).
 21559 | Orc:1    | 21559 ||| INVOKING Heroism.
 21559 | Orc:1    | Noticed Jorgrun
 21560 | Orc:1    | 21560 ||| INVOKING Finesse.
 21585 | Orc:1    | Killed Jorgrun
 21627 | Orc:1    | 21627 ||| DROPPING +0 demon whip of venom.
 21674 | Orc:1    | 21674 ||| Stepping ~*~*~tactically~*~*~ (stealth).
 21677 | Orc:1    | 21677 ||| Stepping ~*~*~tactically~*~*~ (hiding).
 21681 | Orc:1    | 21681 ||| INVOKING Heroism.
 21776 | Orc:1    | Found a runed translucent door.
 21872 | Orc:1    | Found Levam's Book Boutique.
 22080 | Orc:2    | Entered Level 2 of the Orcish Mines
 22140 | Orc:2    | Found a staircase to the Elven Halls.
 22192 | Orc:2    | 22192 ||| INVOKING Heroism.
 22194 | Orc:2    | 22194 ||| Stepping ~*~*~tactically~*~*~ (hiding).
 22251 | Orc:2    | Found Eddoxt's Magic Scroll Shoppe.
 22264 | Orc:2    | Reached skill level 15 in Fighting
 22273 | Orc:2    | 22273 ||| FLEEEEING.
 22274 | Orc:2    | 22274 ||| FLEEEEING.
 22275 | Orc:2    | 22275 ||| FLEEEEING.
 22276 | Orc:2    | 22276 ||| FLEEEEING.
 22277 | Orc:2    | 22277 ||| FLEEEEING.
 22278 | Orc:2    | 22278 ||| FLEEEEING.
 22279 | Orc:2    | 22279 ||| FLEEEEING.
 22280 | Orc:2    | 22280 ||| FLEEEEING.
 22281 | Orc:2    | 22281 ||| FLEEEEING.
 22282 | Orc:2    | 22282 ||| STAIRDANCE
 22332 | Orc:2    | 22332 ||| STAIRDANCE
 22357 | Orc:2    | 22357 ||| STAIRDANCE
 22389 | Orc:2    | 22389 ||| STAIRDANCE
 22412 | Orc:2    | 22412 ||| STAIRDANCE
 22442 | Orc:2    | 22442 ||| INVOKING Heroism.
 22558 | Orc:2    | Found Wior's Armour Shop.
 22561 | Orc:2    | 22561 ||| BUYING scroll of enchant armour (112 gold).
 22561 | Orc:2    | Bought a scroll of enchant armour for 112 gold pieces
 22561 | Orc:2    | 22561 ||| BUYING scroll of enchant armour (112 gold).
 22561 | Orc:2    | Bought a scroll of enchant armour for 112 gold pieces
 22561 | Orc:2    | 22561 ||| READING 2 scrolls of enchant armour.
 22561 | Orc:2    | 22561 ||| ENCHANTING +1 crystal plate armour.
 22562 | Orc:2    | 22562 ||| READING scroll of enchant armour.
 22562 | Orc:2    | 22562 ||| ENCHANTING +2 crystal plate armour.
 22569 | Orc:2    | Found Onimm's Antique Armour Emporium.
 22570 | Orc:2    | Found Cadis's Magic Scroll Shoppe.
 22572 | Orc:2    | 22572 ||| BUYING +2 tower shield (231 gold).
 22572 | Orc:2    | Bought a +2 tower shield for 231 gold pieces
 22582 | Orc:2    | 22582 ||| Stepping ~*~*~tactically~*~*~ (hiding).
 22601 | Orc:2    | 22601 ||| BUYING pair of glowing boots (255 gold).
 22601 | Orc:2    | Bought a pair of glowing boots for 255 gold pieces
 22601 | Orc:2    | 22601 ||| BUYING pair of ichor-stained boots (323 gold).
 22601 | Orc:2    | Bought a pair of ichor-stained boots for 323 gold pieces
 22601 | Orc:2    | Identified the +0 pair of boots of the Flute {Rampage Drain
                  | +Inv Regen+} (You bought it in a shop on level 2 of the
                  | Orcish Mines)
 22612 | Orc:2    | 22612 ||| BUYING scroll of enchant armour (90 gold).
 22612 | Orc:2    | Bought a scroll of enchant armour for 90 gold pieces
 22612 | Orc:2    | 22612 ||| BUYING scroll of enchant armour (90 gold).
 22612 | Orc:2    | Bought a scroll of enchant armour for 90 gold pieces
 22612 | Orc:2    | 22612 ||| BUYING scroll of enchant armour (90 gold).
 22612 | Orc:2    | Bought a scroll of enchant armour for 90 gold pieces
 22612 | Orc:2    | 22612 ||| READING 3 scrolls of enchant armour.
 22612 | Orc:2    | 22612 ||| ENCHANTING +3 crystal plate armour.
 22613 | Orc:2    | 22613 ||| READING 2 scrolls of enchant armour.
 22613 | Orc:2    | 22613 ||| ENCHANTING +4 crystal plate armour.
 22614 | Orc:2    | 22614 ||| READING scroll of enchant armour.
 22614 | Orc:2    | 22614 ||| ENCHANTING +5 crystal plate armour.
 22845 | Orc:2    | Found Cuxobrad's Weapon Emporium.
 22846 | Orc:2    | 22846 ||| Stepping ~*~*~tactically~*~*~ (stealth).
 22848 | Orc:2    | 22848 ||| Stepping ~*~*~tactically~*~*~ (hiding).
 22966 | Orc:2    | 22966 ||| BUYING +1 war axe of the Leaping Gods {flame,
                  | rC++ rN+ Stlth-} (540 gold).
 22966 | Orc:2    | Bought the +1 war axe of the Leaping Gods {flame, rC++ rN+
                  | Stlth-} for 540 gold pieces
 23106 | Orc:2    | 23106 ||| PLANNING SPIDER:1-3
 23106 | Orc:2    | 23106 ||| UPGRADING to +2 tower shield.
 23116 | Orc:2    | 23116 ||| DROPPING +2 buckler of protection.
 23117 | Orc:2    | 23117 ||| UPGRADING to +1 pair of boots.
 23127 | Orc:2    | 23127 ||| DROPPING +0 pair of boots.
 23128 | Orc:2    | 23128 ||| UPGRADING to +0 pair of boots of the Flute
                  | {Rampage Drain +Inv Regen+}.
 23138 | Orc:2    | 23138 ||| DROPPING +1 pair of boots.
 23305 | Spider:1 | Entered Level 1 of the Spider Nest
 23316 | Spider:1 | 23316 ||| Stepping ~*~*~tactically~*~*~ (stealth).
 23320 | Spider:1 | 23320 ||| Stepping ~*~*~tactically~*~*~ (stealth).
 23344 | Spider:1 | 23344 ||| INVOKING Heroism.
 23466 | Spider:1 | 23466 ||| INVOKING Finesse.
 23467 | Spider:1 | 23467 ||| INVOKING Heroism.
 23567 | Spider:1 | 23567 ||| Stepping ~*~*~tactically~*~*~ (stealth).
 23578 | Spider:1 | 23578 ||| INVOKING Heroism.
 23602 | Spider:1 | 23602 ||| Stepping ~*~*~tactically~*~*~ (hiding).
 23604 | Spider:1 | 23604 ||| INVOKING Finesse.
 23827 | Spider:1 | 23827 ||| Stepping ~*~*~tactically~*~*~ (stealth).
 24322 | Spider:2 | 24322 ||| INVOKING Heroism.
 24337 | Spider:2 | Received a gift from Okawaru
 24407 | Spider:2 | 24407 ||| Stepping ~*~*~tactically~*~*~ (stealth).
 24409 | Spider:2 | 24409 ||| INVOKING Heroism.
 24577 | Spider:2 | 24577 ||| Stepping ~*~*~tactically~*~*~ (stealth).
 24743 | Spider:2 | 24743 ||| INVOKING Heroism.
 24834 | Spider:2 | 24834 ||| Stepping ~*~*~tactically~*~*~ (stealth).
 24835 | Spider:2 | 24835 ||| INVOKING Finesse.
 24890 | Spider:2 | Reached skill level 12 in Shields
 24914 | Spider:2 | Received a gift from Okawaru
 24915 | Spider:2 | Reached XP level 17. HP: 113/113 MP: 0/24
 25437 | Spider:2 | 25437 ||| DRINKING 2 green potions.
 25472 | Spider:3 | Noticed Asterion
 25473 | Spider:3 | 25473 ||| STAIRDANCE
 25485 | Spider:3 | 25485 ||| STAIRDANCE
 25487 | Spider:2 | 25487 ||| INVOKING Heroism.
 25584 | Spider:3 | Noticed an Executioner
 25584 | Spider:3 | 25584 ||| STAIRDANCE
 25591 | Spider:2 | 25591 ||| INVOKING Heroism.
 25641 | Spider:3 | 25641 ||| INVOKING Heroism.
 25642 | Spider:3 | 25642 ||| STAIRDANCE
 25656 | Spider:3 | 25656 ||| STAIRDANCE
 25658 | Spider:2 | 25658 ||| INVOKING Finesse.
 25679 | Spider:2 | Killed Asterion
 25701 | Spider:3 | 25701 ||| STAIRDANCE
 25703 | Spider:2 | 25703 ||| INVOKING Heroism.
 25722 | Spider:3 | 25722 ||| STAIRDANCE
 25743 | Spider:3 | 25743 ||| INVOKING Finesse.
 25785 | Spider:3 | 25785 ||| INVOKING Heroism.
 25789 | Spider:3 | Received a gift from Okawaru
 25860 | Spider:3 | 25860 ||| INVOKING Heroism.
 26099 | Spider:3 | 26099 ||| Stepping ~*~*~tactically~*~*~ (hiding).
 26101 | Spider:3 | 26101 ||| INVOKING Heroism.
 26102 | Spider:3 | 26102 ||| INVOKING Finesse.
 26138 | Spider:3 | Noticed Arachne
 26139 | Spider:3 | 26139 ||| Stepping ~*~*~tactically~*~*~ (stealth).
 26189 | Spider:3 | 26189 ||| DRINKING 7 potions of cancellation.
 26195 | Spider:3 | Killed Arachne
 26196 | Spider:3 | Reached skill level 15 in Shields
 26199 | Spider:3 | Received a gift from Okawaru
 26202 | Spider:3 | 26202 ||| DRINKING 6 potions of cancellation.
 26206 | Spider:3 | 26206 ||| Stepping ~*~*~tactically~*~*~ (hiding).
 26222 | Spider:3 | Noticed an acid blob
 26223 | Spider:3 | 26223 ||| Stepping ~*~*~tactically~*~*~ (stealth).
 26227 | Spider:3 | 26227 ||| Stepping ~*~*~tactically~*~*~ (stealth).
 26229 | Spider:3 | 26229 ||| Stepping ~*~*~tactically~*~*~ (hiding).
 26230 | Spider:3 | 26230 ||| Stepping ~*~*~tactically~*~*~ (hiding).
 26232 | Spider:3 | 26232 ||| Stepping ~*~*~tactically~*~*~ (hiding).
 26234 | Spider:3 | 26234 ||| INVOKING Heroism.
 26243 | Spider:3 | 26243 ||| DRINKING 5 potions of cancellation.
 26251 | Spider:3 | 26251 ||| READING 3 scrolls of teleportation.
 26252 | Spider:3 | Killed an acid blob
 26495 | Spider:3 | 26495 ||| PLANNING SHOALS:1-3
 26495 | Spider:3 | 26495 ||| DROPPING +2 tower shield.
 26496 | Spider:3 | 26496 ||| DROPPING +6 ring of intelligence.
 26497 | Spider:3 | 26497 ||| READING scroll labelled QEASHIUFYA.
 26498 | Spider:3 | 26498 ||| READING 18 scrolls of identify.
 26498 | Spider:3 | 26498 ||| IDENTIFYING viscous white potion
 26573 | Shoals:1 | Entered Level 1 of the Shoals
 26623 | Shoals:1 | 26623 ||| INVOKING Heroism.
 26822 | Shoals:1 | 26822 ||| INVOKING Heroism.
 26840 | Shoals:1 | Noticed Roxanne
 26841 | Shoals:1 | 26841 ||| INVOKING Finesse.
 26906 | Shoals:1 | Noticed Frances
 26907 | Shoals:1 | 26907 ||| INVOKING Heroism.
 26910 | Shoals:1 | 26910 ||| INVOKING Finesse.
 26923 | Shoals:1 | Killed Frances
 26963 | Shoals:1 | 26963 ||| SWAPPING to +0 broad axe.
 26972 | Shoals:1 | 26972 ||| DROPPING +10 hand axe of the Pharaoh's Fist
                  | {protect, Fly Str+4}.
 26973 | Shoals:1 | 26973 ||| READING 2 scrolls of enchant weapon.
 26973 | Shoals:1 | 26973 ||| ENCHANTING +0 broad axe.
 26974 | Shoals:1 | 26974 ||| READING scroll of enchant weapon.
 26974 | Shoals:1 | 26974 ||| ENCHANTING +1 broad axe.
 27071 | Shoals:1 | 27071 ||| INVOKING Heroism.
 27096 | Shoals:1 | 27096 ||| INVOKING Heroism.
 27097 | Shoals:1 | 27097 ||| INVOKING Finesse.
 27115 | Shoals:1 | Killed Roxanne
 27590 | Shoals:2 | 27590 ||| INVOKING Heroism.
 27602 | Shoals:2 | Identified the +1 ring mail of Disguise {rN+ Int+8 Dex-5}
 27639 | Shoals:2 | 27639 ||| Stepping ~*~*~tactically~*~*~ (hiding).
 27642 | Shoals:2 | 27642 ||| STAIRDANCE
 27651 | Shoals:1 | 27651 ||| DROPPING scarf of harm.
 27652 | Shoals:1 | 27652 ||| DROPPING ring of willpower.
 27653 | Shoals:1 | 27653 ||| UPGRADING to +4 ring of protection.
 27657 | Shoals:2 | 27657 ||| Stepping ~*~*~tactically~*~*~ (hiding).
 27703 | Shoals:2 | Noticed a kraken
 27705 | Shoals:2 | 27705 ||| INVOKING Heroism.
 27719 | Shoals:2 | Received a gift from Okawaru
 27726 | Shoals:2 | Killed a kraken
 27755 | Shoals:2 | 27755 ||| Stepping ~*~*~tactically~*~*~ (hiding).
 27782 | Shoals:2 | 27782 ||| Stepping ~*~*~tactically~*~*~ (hiding).
 27783 | Shoals:2 | 27783 ||| Stepping ~*~*~tactically~*~*~ (hiding).
 27997 | Shoals:2 | Received a gift from Okawaru
 28287 | Shoals:3 | 28287 ||| READING scroll of enchant weapon.
 28287 | Shoals:3 | 28287 ||| ENCHANTING +2 broad axe.
 28311 | Shoals:3 | Reached skill level 15 in Axes
 28466 | Shoals:3 | 28466 ||| INVOKING Heroism.
 28477 | Shoals:3 | Reached XP level 18. HP: 119/119 MP: 23/25
 28485 | Shoals:3 | 28485 ||| DROPPING +3 war axe of flaming.
 28493 | Shoals:3 | 28493 ||| Stepping ~*~*~tactically~*~*~ (hiding).
 28494 | Shoals:3 | 28494 ||| Stepping ~*~*~tactically~*~*~ (hiding).
 28496 | Shoals:3 | 28496 ||| Stepping ~*~*~tactically~*~*~ (hiding).
 28497 | Shoals:3 | 28497 ||| Stepping ~*~*~tactically~*~*~ (stealth).
 28512 | Shoals:3 | 28512 ||| INVOKING Heroism.
 28651 | Shoals:3 | 28651 ||| INVOKING Heroism.
 28708 | Shoals:3 | 28708 ||| INVOKING Finesse.
 28709 | Shoals:3 | 28709 ||| INVOKING Heroism.
 28893 | Shoals:3 | 28893 ||| INVOKING Heroism.
 29023 | Shoals:3 | 29023 ||| PLANNING SPIDER:4
 29023 | Shoals:3 | 29023 ||| UPGRADING to amulet of the acrobat.
 29155 | Spider:4 | Entered Level 4 of the Spider Nest
 29156 | Spider:4 | 29156 ||| Stepping ~*~*~tactically~*~*~ (hiding).
 29159 | Spider:4 | 29159 ||| INVOKING Heroism.
 29184 | Spider:4 | Received a gift from Okawaru
 29325 | Spider:4 | Noticed Mara
 29325 | Spider:4 | 29325 ||| INVOKING Heroism.
 29326 | Spider:4 | 29326 ||| INVOKING Finesse.
 29343 | Spider:4 | Noticed qw's illusion
 29359 | Spider:4 | Noticed qw's illusion
 29366 | Spider:4 | 29366 ||| INVOKING Finesse.
 29369 | Spider:4 | Killed Mara
 29382 | Spider:4 | 29382 ||| Stepping ~*~*~tactically~*~*~ (stealth).
 29383 | Spider:4 | 29383 ||| Stepping ~*~*~tactically~*~*~ (stealth).
 29441 | Spider:4 | 29441 ||| Stepping ~*~*~tactically~*~*~ (stealth).
 29447 | Spider:4 | 29447 ||| INVOKING Heroism.
 29448 | Spider:4 | 29448 ||| INVOKING Finesse.
 29457 | Spider:4 | Identified the +1 chain mail of Manu {rF+++ Str-5} (Okawaru
                  | gifted it to you on level 4 of the Spider Nest)
 29457 | Spider:4 | Received a gift from Okawaru
 29522 | Spider:4 | 29522 ||| Stepping ~*~*~tactically~*~*~ (stealth).
 29530 | Spider:4 | 29530 ||| Stepping ~*~*~tactically~*~*~ (hiding).
 29532 | Spider:4 | 29532 ||| Stepping ~*~*~tactically~*~*~ (stealth).
 29540 | Spider:4 | 29540 ||| INVOKING Heroism.
 29595 | Spider:4 | 29595 ||| DRINKING 9 potions of curing.
 29595 | Spider:4 | 29595 ||| (to cure confusion)
 29712 | Spider:4 | 29712 ||| INVOKING Heroism.
 29715 | Spider:4 | 29715 ||| INVOKING Finesse.
 29798 | Spider:4 | 29798 ||| Stepping ~*~*~tactically~*~*~ (stealth).
 29926 | Spider:4 | Got a gossamer rune of Zot
 29978 | Spider:4 | 29978 ||| INVOKING Finesse.
 29982 | Spider:4 | 29982 ||| INVOKING Heroism.
 30000 | Spider:4 | 30000 ||| Stepping ~*~*~tactically~*~*~ (hiding).
 30002 | Spider:4 | 30002 ||| Stepping ~*~*~tactically~*~*~ (hiding).
 30060 | Spider:4 | 30060 ||| INVOKING Heroism.
 30111 | Spider:4 | 30111 ||| READING scroll of enchant armour.
 30111 | Spider:4 | 30111 ||| ENCHANTING +6 crystal plate armour.
 30166 | Spider:4 | 30166 ||| Stepping ~*~*~tactically~*~*~ (hiding).
 30167 | Spider:4 | 30167 ||| Stepping ~*~*~tactically~*~*~ (hiding).
 30263 | Spider:4 | 30263 ||| Stepping ~*~*~tactically~*~*~ (stealth).
 30333 | Spider:4 | 30333 ||| Stepping ~*~*~tactically~*~*~ (stealth).
 30335 | Spider:4 | 30335 ||| Stepping ~*~*~tactically~*~*~ (stealth).
 30364 | Spider:4 | 30364 ||| PLANNING VAULTS:1-4
 30364 | Spider:4 | 30364 ||| DROPPING scarf of harm.
 30365 | Spider:4 | 30365 ||| DROPPING +1 pair of boots of flying.
 30661 | Vaults:1 | Entered Level 1 of the Vaults
 30784 | Vaults:1 | 30784 ||| INVOKING Heroism.
 30942 | Vaults:1 | 30942 ||| INVOKING Heroism.
 31158 | Vaults:1 | 31158 ||| INVOKING Heroism.
 31159 | Vaults:1 | 31159 ||| Stepping ~*~*~tactically~*~*~ (hiding).
 31160 | Vaults:1 | 31160 ||| Stepping ~*~*~tactically~*~*~ (hiding).
 31162 | Vaults:1 | 31162 ||| Stepping ~*~*~tactically~*~*~ (hiding).
 31163 | Vaults:1 | 31163 ||| Stepping ~*~*~tactically~*~*~ (hiding).
 31165 | Vaults:1 | 31165 ||| Stepping ~*~*~tactically~*~*~ (hiding).
 31183 | Vaults:1 | Reached XP level 19. HP: 91/124 MP: 26/26
 31216 | Vaults:1 | 31216 ||| Stepping ~*~*~tactically~*~*~ (hiding).
 31272 | Vaults:1 | 31272 ||| Stepping ~*~*~tactically~*~*~ (hiding).
 31302 | Vaults:1 | Found Lexzud's General Store.
 31310 | Vaults:1 | 31310 ||| BUYING potion of curing (63 gold).
 31310 | Vaults:1 | Bought a potion of curing for 63 gold pieces
 31373 | Vaults:1 | 31373 ||| Stepping ~*~*~tactically~*~*~ (hiding).
 31377 | Vaults:1 | 31377 ||| INVOKING Heroism.
 31389 | Vaults:1 | 31389 ||| Stepping ~*~*~tactically~*~*~ (stealth).
 31391 | Vaults:1 | 31391 ||| Stepping ~*~*~tactically~*~*~ (hiding).
 31598 | Vaults:1 | 31598 ||| Stepping ~*~*~tactically~*~*~ (hiding).
 31616 | Vaults:1 | 31616 ||| INVOKING Heroism.
 31651 | Vaults:1 | 31651 ||| INVOKING Heroism.
 31679 | Vaults:1 | 31679 ||| INVOKING Heroism.
 31715 | Vaults:1 | Reached skill level 18 in Axes
 31927 | Vaults:1 | 31927 ||| INVOKING Heroism.
 31942 | Vaults:1 | Received a gift from Okawaru
 32099 | Vaults:2 | 32099 ||| INVOKING Heroism.
 32109 | Vaults:2 | 32109 ||| Stepping ~*~*~tactically~*~*~ (stealth).
 32111 | Vaults:2 | Received a gift from Okawaru
 32112 | Vaults:2 | Reached skill level 18 in Shields
 32153 | Vaults:2 | 32153 ||| FLEEEEING.
 32154 | Vaults:2 | 32154 ||| FLEEEEING.
 32155 | Vaults:2 | 32155 ||| FLEEEEING.
 32156 | Vaults:2 | 32156 ||| FLEEEEING.
 32157 | Vaults:2 | 32157 ||| FLEEEEING.
 32166 | Vaults:2 | 32166 ||| STAIRDANCE
 32179 | Vaults:1 | 32179 ||| INVOKING Heroism.
 32183 | Vaults:1 | Received a gift from Okawaru
 32335 | Vaults:2 | 32335 ||| Stepping ~*~*~tactically~*~*~ (hiding).
 32336 | Vaults:2 | 32336 ||| Stepping ~*~*~tactically~*~*~ (hiding).
 32348 | Vaults:2 | Received a gift from Okawaru
 32564 | Vaults:2 | 32564 ||| Stepping ~*~*~tactically~*~*~ (hiding).
 32567 | Vaults:2 | 32567 ||| Stepping ~*~*~tactically~*~*~ (hiding).
 32634 | Vaults:2 | Identified the +0 leather armour of the Unseen Realm {rElec
                  | Regen+ Int+3 Dex-3}
 32669 | Vaults:2 | Identified the +1 scale mail of Loffil {Dex+8} (Okawaru
                  | gifted it to you on level 2 of the Vaults)
 32669 | Vaults:2 | Received a gift from Okawaru
 32700 | Vaults:2 | 32700 ||| INVOKING Heroism.
 32755 | Vaults:2 | 32755 ||| Stepping ~*~*~tactically~*~*~ (hiding).
 32768 | Vaults:2 | 32768 ||| INVOKING Heroism.
 32809 | Vaults:2 | 32809 ||| READING scroll of brand weapon.
 32809 | Vaults:2 | 32809 ||| BRANDING +3 broad axe.
 32859 | Vaults:2 | 32859 ||| Stepping ~*~*~tactically~*~*~ (hiding).
 32906 | Vaults:2 | 32906 ||| READING scroll of enchant weapon.
 32906 | Vaults:2 | 32906 ||| ENCHANTING +3 broad axe of protection.
 32942 | Vaults:2 | 32942 ||| FLEEEEING.
 32943 | Vaults:2 | 32943 ||| FLEEEEING.
 33032 | Vaults:2 | Reached skill level 18 in Armour
 33135 | Vaults:2 | Found a staircase to the Crypt.
 33146 | Vaults:2 | 33146 ||| INVOKING Heroism.
 33242 | Vaults:2 | 33242 ||| INVOKING Heroism.
 33651 | Vaults:2 | 33651 ||| INVOKING Heroism.
 33671 | Vaults:3 | 33671 ||| Stepping ~*~*~tactically~*~*~ (stealth).
 33672 | Vaults:3 | 33672 ||| INVOKING Finesse.
 33715 | Vaults:3 | 33715 ||| INVOKING Heroism.
 33738 | Vaults:3 | Reached skill level 9 in Throwing
 33814 | Vaults:3 | 33814 ||| INVOKING Heroism.
 33823 | Vaults:3 | Identified the +3 scale mail of the Rambutan {rN++}
                  | (Okawaru gifted it to you on level 3 of the Vaults)
 33823 | Vaults:3 | Received a gift from Okawaru
 33876 | Vaults:3 | Reached XP level 20. HP: 129/129 MP: 27/27
 33936 | Vaults:3 | 33936 ||| Stepping ~*~*~tactically~*~*~ (stealth).
 33963 | Vaults:3 | 33963 ||| INVOKING Heroism.
 34025 | Vaults:3 | 34025 ||| Stepping ~*~*~tactically~*~*~ (hiding).
 34031 | Vaults:3 | 34031 ||| INVOKING Heroism.
 34094 | Vaults:3 | 34094 ||| Stepping ~*~*~tactically~*~*~ (stealth).
 34095 | Vaults:3 | 34095 ||| Stepping ~*~*~tactically~*~*~ (stealth).
 34201 | Vaults:3 | 34201 ||| INVOKING Heroism.
 34248 | Vaults:3 | 34248 ||| INVOKING Heroism.
 34291 | Vaults:3 | 34291 ||| INVOKING Heroism.
 34555 | Vaults:3 | 34555 ||| Stepping ~*~*~tactically~*~*~ (stealth).
 34557 | Vaults:3 | 34557 ||| Stepping ~*~*~tactically~*~*~ (hiding).
 34568 | Vaults:3 | 34568 ||| Stepping ~*~*~tactically~*~*~ (stealth).
 34929 | Vaults:4 | 34929 ||| Stepping ~*~*~tactically~*~*~ (hiding).
 34938 | Vaults:4 | 34938 ||| FLEEEEING.
 34948 | Vaults:4 | 34948 ||| FLEEEEING.
 34954 | Vaults:4 | 34954 ||| FLEEEEING.
 34955 | Vaults:4 | 34955 ||| FLEEEEING.
 34956 | Vaults:4 | 34956 ||| FLEEEEING.
 34958 | Vaults:4 | 34958 ||| STAIRDANCE
 35098 | Vaults:4 | 35098 ||| Stepping ~*~*~tactically~*~*~ (stealth).
 35102 | Vaults:4 | 35102 ||| Stepping ~*~*~tactically~*~*~ (stealth).
 35105 | Vaults:4 | 35105 ||| INVOKING Heroism.
 35143 | Vaults:4 | 35143 ||| Stepping ~*~*~tactically~*~*~ (stealth).
 35147 | Vaults:4 | 35147 ||| Stepping ~*~*~tactically~*~*~ (stealth).
 35148 | Vaults:4 | 35148 ||| Stepping ~*~*~tactically~*~*~ (stealth).
 35231 | Vaults:4 | 35231 ||| Stepping ~*~*~tactically~*~*~ (hiding).
 35258 | Vaults:4 | 35258 ||| INVOKING Heroism.
 35259 | Vaults:4 | 35259 ||| Stepping ~*~*~tactically~*~*~ (hiding).
 35286 | Vaults:4 | Received a gift from Okawaru
 35307 | Vaults:4 | 35307 ||| Stepping ~*~*~tactically~*~*~ (hiding).
 35323 | Vaults:4 | Identified the +8 sling of Invincibility {venom, rElec
                  | rPois rN+ Dex-3}
 35367 | Vaults:4 | 35367 ||| Stepping ~*~*~tactically~*~*~ (hiding).
 35391 | Vaults:4 | 35391 ||| INVOKING Heroism.
 35452 | Vaults:4 | 35452 ||| INVOKING Heroism.
 35461 | Vaults:4 | HP: 14/133 [vault warden/+0 great mace (39)]
 35462 | Vaults:4 | 35462 ||| READING 5 scrolls of teleportation.
 35462 | Vaults:4 | Demolished by a vault warden

Levels and vault maps discovered:
D:1:      dpeg_arrival_line_fractal, layout_basic
D:2:      layout_loops_cross, minmay_close_crescents
D:3:      layout_loops_corners, dreamdust_ecumenical_altar_sealed_demon,
          kennysheep_doodads, uniq_jessica, uniq_natasha
D:4:      layout_basic, general_overflow_altar,
          minmay_temple_entry_gardened_gates, hangedman_abyss_or_decor_passed,
          cheibrodos_gnoll_hut
D:5:      layout_basic, palyth_stone_intersect, nicolae_grassy_gnolls
D:6:      layout_basic, kiku_gazebo_pond_becter, minitemple
D:7:      layout_rooms, nicolae_wooded_promenade
D:8:      nicolae_cairo_tiling_large_dashed, layout_basic, david_lair_generic
D:9:      layout_loops_cross, nemelex_spade_bored_becter,
          minmay_misc_feat_alley, small_chamber_with_monster, minmay_puff
D:10:     layout_rooms, zin_scriptorium, special_room [special_room_orc]
D:11:     fort_yaktaur, layout_irregular_city
D:12:     layout_grid_maze, nicolae_fountain_basement
D:13:     layout_irregular_city, grunt_vaults_entry_fortified, serial_ice,
          serial_ice_m, serial_ice_b, serial_ice_l, serial_ice_f,
          uniq_josephine, uniq_urug, uniq_nessos
D:14:     layout_gridville, serial_rivers, chequers_serial_rivers_micro_a,
          chequers_serial_rivers_micro_d, chequers_serial_rivers_micro_a,
          chequers_serial_rivers_marsh, chequers_serial_rivers_micro_a,
          chequers_serial_rivers_micro_a, minivault_23, reono_crystal_passage,
          tso_altar
D:15:     hangedman_depths_entry_try_elsewhere_first, layout_irregular_city,
          nicolae_water_bricks
Temple:   jpeg_temple_clearing
Lair:1:   layout_roguey, uniq_maggie
Lair:2:   layout_regular_city, uniq_harold
Lair:3:   layout_big_grid, minmay_shoals_entry_hut,
          hellmonk_spider_entry_life_and_decay, serial_rivers,
          chequers_serial_rivers_room_a, chequers_serial_rivers_micro_d,
          chequers_serial_rivers_marsh, chequers_serial_rivers_small_b,
          chequers_serial_rivers_micro_e, chequers_serial_rivers_room_a,
          portal_ice_cave_entry_pillars_2, lemuel_fruit_tree, uniq_fannar,
          uniq_amaemon
Lair:4:   layout_roguey, nicolae_lair_lindhole
Lair:5:   evilmike_catoblepas_cave, layout_long_grid, slime_entry_1,
          serial_bayou_shore_b, infiniplex_staircase_pool_2
Shoals:1: layout_shoals, uniq_frances, uniq_roxanne
Shoals:2: layout_shoals, nicolae_shoals_kraken_intersection
Shoals:3: layout_shoals, ldierk_geyser
Spider:1: layout_spider_delve, nicolae_spider_paper_wasps
Spider:2: layout_chambers
Spider:3: layout_spider_delve, nicolae_spider_acid_house, uniq_arachne,
          uniq_asterion
Spider:4: grunt_spider_rune_circles, hellmonk_narrow_tunnel, uniq_mara
Orc:1:    layout_diamond_mine, serial_shops, nicolae_shop_waterfront,
          nicolae_shop_advertising_works [nicolae_subvault_shop_adworks],
          shop_fountains, hellmonk_ghost_happy_afterlife, uniq_jorgrun
Orc:2:    st_orc_open, layout_caves, serial_shops, nicolae_shop_trees
Vaults:1: v_misc_22, nicolae_vaults_little_squares_5,
          nicolae_vaults_network_square, vaults_room_grunt_arrival_ludios,
          hangedman_vaults_stitches, nicolae_vaults_what_the_h,
          nicolae_vaults_theta, layout_vaults_chaotic_city, serial_shops,
          nicolae_lakefront_shop
Vaults:2: ontoclasm_vaults_spin, blue_anna_dwarven_crypt, v_misc_26,
          ontoclasm_vaults_loading_screen, nicolae_vaults_big_ls,
          vaults_dpeg_emergency_exit, grunt_vaults_funnel, vaults_dpeg_diagonal,
          ontoclasm_vaults_decontamination, nicolae_vaults_little_squares_3,
          layout_vaults_omnigrid
Vaults:3: ontoclasm_vaults_gateway, vaults_room_boxed, hangedman_vaults_maws,
          v_misc_17, ontoclasm_vaults_idyll, nicolae_vaults_shelves_hall,
          v_misc_23, vaults_room_pools, ontoclasm_vaults_misaligned,
          layout_vaults_ring
Vaults:4: v_misc_31, ontoclasm_vaults_pinch, v_pattern_4, v_misc_10, v_misc_30,
          nicolae_vaults_network_quinsquares
          [nicolae_vaults_network_quincunx_subvault,
          nicolae_vaults_network_quincunx_subvault,
          nicolae_vaults_network_quincunx_subvault,
          nicolae_vaults_network_quincunx_subvault], vaults_mumra_hex,
          v_alt_pattern_1, v_alt_pattern_3, nicolae_vaults_shelves_hall,
          vaults_dpeg_encased_lava, ontoclasm_vaults_tryst, v_alt_pattern_3,
          layout_vaults_maze

Skill      XL: |  1  2  3  4  5  6  7  8  9 10 11 12 13 14 15 16 17 18 19 20 |
---------------+-------------------------------------------------------------+-----
Axes           | 2 3 4 5 7 8 10 11 13 14 15 17 18 | 18.0
Fighting       | 4 6 7 8 9 10 12 13 14 15 16 | 16.8
Dodging        | 1 2 3 4 |  4.1
Invocations    | 3 4 7 10 | 10.0
Throwing       | 1 2 3 6 7 9 |  9.0
Armour         | 4 6 7 9 10 13 16 17 18 19 | 19.0
Shields        | 4 5 6 8 9 12 16 17 18 19 | 19.0

Action                   |  1- 3 |  4- 6 |  7- 9 | 10-12 | 13-15 | 16-18 | 19-21 || total
-------------------------+-------+-------+-------+-------+-------+-------+-------++-------
Melee: War axe           |   103 |   121 |   299 |   499 |   172 |       |       ||  1194
       Demon whip        |       |       |       |    13 |    30 |       |       ||    43
       Hand axe          |       |       |       |       |  1119 |  1044 |       ||  2163
       Broad axe         |       |       |       |       |       |   849 |   915 ||  1764
Throw: Boomerang         |       |       |    43 |    67 |    43 |    11 |       ||   164
       Javelin           |       |       |       |       |    69 |   147 |    64 ||   280
Invok: Heroism           |       |       |    15 |    22 |    48 |    43 |    23 ||   151
       Finesse           |       |       |       |     5 |    13 |    16 |     1 ||    35
  Use: Scroll            |     7 |     3 |     9 |     6 |     7 |    12 |     3 ||    47
       Potion            |     1 |       |     1 |     2 |     3 |     5 |       ||    12
Armor: Scale mail        |    45 |       |       |       |       |       |       ||    45
       Chain mail        |     4 |    66 |   190 |   219 |   207 |       |       ||   686
       Plate armour      |       |       |       |       |   158 |       |       ||   158
       Crystal plate arm |       |       |       |       |   247 |  1190 |   403 ||  1840
Dodge: Dodged            |    52 |    30 |   141 |   160 |   331 |   403 |   158 ||  1275
Block: Buckler           |    21 |    26 |    62 |    97 |   254 |   120 |       ||   580
       Tower shield      |       |       |       |       |       |  1564 |   813 ||  2377

Table legend:
 A = Non-vault XP
 B = Vault XP
 C = Vault XP percentage of total XP
 D = Non-vault monster count
 E = Vault monster count
 F = Vault count percentage of total count
                 A         B        C        D         E       F
            +---------+---------+-------+---------+---------+-------
      Total |  297244 |  161386 |  35.2 |     930 |     330 |  26.2
            +---------+---------+-------+---------+---------+-------
        D:1 |      40 |       0 |   0.0 |      23 |       0 |   0.0
        D:2 |      32 |      20 |  38.5 |      12 |       4 |  25.0
        D:3 |     216 |      73 |  25.3 |      23 |       2 |   8.0
        D:4 |     508 |      99 |  16.3 |      22 |       3 |  12.0
        D:5 |     886 |     203 |  18.6 |      25 |       7 |  21.9
        D:6 |     630 |       0 |   0.0 |      15 |       0 |   0.0
        D:7 |    1411 |       0 |   0.0 |      18 |       0 |   0.0
        D:8 |    1491 |    1097 |  42.4 |      28 |       4 |  12.5
        D:9 |    4122 |     720 |  14.9 |      39 |       3 |   7.1
       D:10 |    3496 |     510 |  12.7 |      20 |      25 |  55.6
       D:11 |    4595 |   10445 |  69.4 |      26 |      34 |  56.7
       D:12 |    5260 |       0 |   0.0 |      17 |       0 |   0.0
       D:13 |    6674 |   12366 |  64.9 |      18 |      23 |  56.1
       D:14 |    6537 |       0 |   0.0 |      12 |       0 |   0.0
       D:15 |    5647 |    1818 |  24.4 |      15 |       3 |  16.7
     Lair:1 |    6173 |     395 |   6.0 |      31 |       1 |   3.1
     Lair:2 |    2742 |     860 |  23.9 |      11 |       1 |   8.3
     Lair:3 |    7182 |    2970 |  29.3 |      19 |       7 |  26.9
     Lair:4 |   12412 |    1307 |   9.5 |      40 |       2 |   4.8
     Lair:5 |   17515 |   10932 |  38.4 |      48 |      23 |  32.4
   Shoals:1 |    7935 |    2928 |  27.0 |      19 |       2 |   9.5
   Shoals:2 |    7622 |    1499 |  16.4 |      18 |       1 |   5.3
   Shoals:3 |   18898 |       0 |   0.0 |      41 |       0 |   0.0
   Spider:1 |    7888 |    2238 |  22.1 |      25 |       3 |  10.7
   Spider:2 |   20849 |    1263 |   5.7 |      53 |       1 |   1.9
   Spider:3 |   18709 |    7370 |  28.3 |      52 |      13 |  20.0
   Spider:4 |   13474 |   25937 |  65.8 |      29 |      45 |  60.8
      Orc:1 |    6907 |    3358 |  32.7 |      61 |       4 |   6.2
      Orc:2 |    4178 |   13413 |  76.2 |      27 |      34 |  55.7
   Vaults:1 |   27359 |   19065 |  41.1 |      41 |      30 |  42.3
   Vaults:2 |   30844 |   11477 |  27.1 |      38 |      15 |  28.3
   Vaults:3 |   38139 |    6200 |  14.0 |      53 |      11 |  17.2
   Vaults:4 |    6873 |   22823 |  76.9 |      11 |      29 |  72.5
            +---------+---------+-------+---------+---------+-------
